Workbook
Name _Hlk13737046: 'C20.1'!#REF!
Name _Hlk13737072: 'C20.1'!#REF!
Name _Ref461368450: 'C1.4'!$C$5
Name _Ref461368450: 'C1.5'!$E$7
Name _Ref461368450: 'C1.6'!$C$7
Name _Ref461368450: 'C11.1'!#REF!
Name _Ref461368450: 'C11.2'!#REF!
Name _Ref461368450: 'C11.3'!#REF!
Name _Ref461368450: 'C11.5'!#REF!
Name _Ref461368450: 'C11.6'!#REF!
Name _Ref461368450: 'C11.7'!#REF!
Name _Ref461368450: 'C11.8'!#REF!
Name _Ref461368450: 'C11.9'!#REF!
Name _Ref461368450: 'C2.1'!$D$7
Name _Ref461368450: 'C2.2'!$D$7
Name _Ref461368450: 'C20.1'!#REF!
Name _Ref461368450: 'C3.1'!#REF!
Name _Ref461368450: 'C3.2'!$D$7
Name _Ref461368450: 'C3.3'!#REF!
Name _Ref461368450: 'C4.2'!#REF!
Name _Ref461368450: 'C4.4'!#REF!
Name _Ref461368450: 'C5.1'!#REF!
Name _Ref461368450: 'C5.2'!#REF!
Name _Ref461368450: 'C5.3'!#REF!
Name _Ref461368450: 'C5.4'!#REF!
Name _Ref461368450: 'C6.2'!#REF!
Name _Ref461368450: 'C8.1'!#REF!
Name _Ref461368450: 'C8.8'!#REF!
Name _Ref461368450: 'C9.1'!#REF!
Name _Ref461372205: 'C1.4'!#REF!
Name _Ref461372205: 'C1.5'!#REF!
Name _Ref461372205: 'C1.6'!#REF!
Name _Ref461372205: 'C11.1'!#REF!
Name _Ref461372205: 'C11.2'!#REF!
Name _Ref461372205: 'C11.3'!#REF!
Name _Ref461372205: 'C11.5'!#REF!
Name _Ref461372205: 'C11.6'!#REF!
Name _Ref461372205: 'C11.7'!#REF!
Name _Ref461372205: 'C11.8'!#REF!
Name _Ref461372205: 'C11.9'!#REF!
Name _Ref461372205: 'C2.1'!#REF!
Name _Ref461372205: 'C2.2'!#REF!
Name _Ref461372205: 'C20.1'!#REF!
Name _Ref461372205: 'C3.1'!#REF!
Name _Ref461372205: 'C3.2'!#REF!
Name _Ref461372205: 'C3.3'!#REF!
Name _Ref461372205: 'C4.2'!#REF!
Name _Ref461372205: 'C4.4'!#REF!
Name _Ref461372205: 'C5.1'!#REF!
Name _Ref461372205: 'C5.2'!#REF!
Name _Ref461372205: 'C5.3'!#REF!
Name _Ref461372205: 'C5.4'!#REF!
Name _Ref461372205: 'C6.2'!#REF!
Name _Ref461372205: 'C8.1'!#REF!
Name _Ref461372205: 'C8.8'!#REF!
Name _Ref461372205: 'C9.1'!#REF!
Name _Ref461373091: 'C1.4'!$C$101
Name _Ref461373091: 'C1.5'!#REF!
Name _Ref461373091: 'C1.6'!#REF!
Name _Ref461373091: 'C11.1'!#REF!

Sheet Version
A2: This Pricing Schedule is based on the COTO Draft Standard (DS) October 2020, and updated for the Works ProForma Book 3 - 2022.1 – June 2022 version saved in EDMS folder 7475454
F149: metre (m)
F150: metre (m)
A155: C2.3.27 | E155: Extra over item C2.3.21 for encasing (wrapping) joints
B156: C2.3.27.1 | E156: State for each water main the number of joints to be encased (wrapped)
E157: State diameter
E158: State diameter
A159: C2.3.28 | E159: Installation of hydrants and water meters
B160: C2.3.28.1 | E160: Describe hydrant type
B161: C2.3.28.2 | E161: Describe water meter type
B162: C2.3.28.3 | E162: Etc., insert additional items as required
A163: C2.3.29 | E163: Bedding for water mains (Class B and C) and fill blanket compacted to 90 % of MDD (100 % for sand)
B164: C2.3.29.1
C166: (c)
C167: (d)
C168: (e)
B169: C2.3.29.2
C171: (c)
C172: (d)
C173: (e)

Sheet C1.2
A1: C1.2 | D1: GENERAL REQUIREMENTS AND PROVISIONS
A2: ITEM | D2: DESCRIPTION | E2: UNIT | F2: QTY | G2: RATE | H2: AMT
A5: C1.2.1 | D5: Environmental Management
B7: C1.2.1.1 | D7: Monitoring of compliance with and reporting on the EMP | E7: month | F7: 15 | H7: =F7*G7 -> 0
B9: C1.2.1.2 | D9: Designated environmental officer | E9: month | F9: 15 | H9: =F9*G9 -> 0
A10: PN
A11: C1.2.2 | D11: Programming and Reporting
B13: C1.2.2.3 | D13: Submission of a Scheme 2 Initial Programme | E13: lump sum | F13: 1 | H13: =F13*G13 -> 0
B15: C1.2.2.4 | D15: Submission of a Scheme 2 Full Programme | E15: lump sum | F15: 1 | H15: =F15*G15 -> 0
B17: C1.2.2.5 | D17: Reviewing and updating a Scheme 2 programme every month | E17: month | F17: 15 | H17: =F17*G17 -> 0
B19: C1.2.2.6 | D19: Preparation and submission of all information and reports specified in the Contract Documentation | E19: month | F19: 15 | H19: =F19*G19 -> 0
A21: C1.2.3 | D21: Routine road maintenance of existing public roads within the Site of the Works or other public roads outside the Site of the Works which are used as detours
B23: C 1.2.3.1 | D23: Grass cutting | E23: hectare (ha) | F23: 4 | H23: =F23*G23 -> 0
B25: C1.2.3.2 | D25: Drain cleaning | E25: kilometre (km) | F25: 6 | H25: =F25*G25 -> 0
B27: C1.2.3.3 | D27: Cleaning out culverts | E27: cubic metre (m3) | F27: 10 | H27: =F27*G27 -> 0
B29: C1.2.3.4 | D29: Collection of rubbish / litter | E29: kilometre (km) | F29: 7 | H29: =F29*G29 -> 0
B31: C1.2.3.5 | D31: Base patching using crushed stone material stabilised with bitumen emulsion and cement | E31: cubic metre (m3) | F31: 10 | H31: =F31*G31 -> 0
B33: C1.2.3.6 | D33: Base and/or surface patching using cold premixed asphalt | E33: kilogram (kg) | F33: 1100 | H33: =F33*G33 -> 0
B35: C1.2.3.7 | D35: Base and/or surface patching using hot plant mixed asphalt | E35: ton (t) | F35: 30 | H35: =F35*G35 -> 0
B37: C1.2.3.9 | D37: Grading of temporary gravel deviations and existing roads used as detours | E37: kilometre (km) | F37: 4 | H37: =F37*G37 -> 0
B39: C1.2.3.10 | D39: Watering of temporary gravel deviations and existing roads used as detours | E39: kilolitre (kℓ) | F39: 1000
B41: C1.2.3.11 | D41: Other road maintenance work ordered by the Engineer | E41: provisional sum | F41: 1 | G41: 50000 | H41: =F41*G41 -> 50000
B43: C1.2.3.12 | D43: Handling cost, profit and all other charges in respect of item C1.2.3.11 | E43: percentage (%) | F43: =H41 -> 50000 | H43: =F43*G43 -> 0
B45: C1.2.3.13 | D45: Liaison with the routine road maintenance contractor | E45: month | F45: 18 | H45: =F45*G45 -> 0
A47: C1.2.4 | D47: Stakeholder liaison | E47: month | F47: 15 | H47: =F47*G47 -> 0
A49: C1.2.5 | D49: Safety
B51: C1.2.5.1 | D51: Health and safety plan | E51: lump sum | F51: 1 | H51: =F51*G51 -> 0
B53: C1.2.5.2 | D53: Implementation of health and safety plan | E53: month | F53: 15 | H53: =F53*G53 -> 0
A55: C1.2.7 | D55: Road safety audits
B57: C1.2.7.1 | D57: Stage 4 work zone traffic management audit | E57: provisional sum | F57: 1 | G57: 30000 | H57: =F57*G57 -> 30000
B59: C1.2.7.2 | D59: Handling cost, profit and all other charges in respect of item C1.2.6.1 | E59: percentage (%) | F59: =G57 -> 30000 | H59: =F59*G59 -> 0
B61: C1.2.7.3 | D61: Stage 5 pre-opening stage traffic safety audit | E61: provisional sum | F61: 1 | G61: 30000 | H61: =F61*G61 -> 30000
B63: C1.2.7.4 | D63: Handling cost, profit and all other charges in respect of item C1.2.6.3 | E63: percentage (%) | F63: =G61 -> 30000 | H63: =F63*G63 -> 0
B66: CARRIED FORWARD | H66: =SUM(H4:H63) -> 110000
B67: BROUGHT FORWARD | H67: =H66 -> 110000
A69: C1.2.8 | D69: Dayworks
B71: C1.2.8.1 | D71: Personnel
C73: (a) | D73: Unskilled labourer | E73: hour (h) | F73: 500 | H73: =F73*G73 -> 0
C75: (b) | D75: Semi-skilled labourer | E75: hour (h) | F75: 75 | H75: =F75*G75 -> 0
C77: (c) | D77: Skilled labourer | E77: hour (h) | F77: 50 | H77: =F77*G77 -> 0
C79: (d) | D79: Gang leader | E79: hour (h) | F79: 25 | H79: =F79*G79 -> 0
C81: (e) | D81: Foreman | E81: hour (h) | F81: 100 | H81: =F81*G81 -> 0
C83: (f) | D83: Skilled artisan | E83: hour (h) | F83: 100 | H83: =F83*G83 -> 0
B85: C1.2.8.2 | D85: Construction equipment
C87: (a) | D87: Motor grader (CAT 140 G or similar) | E87: hour (h) | F87: 20 | H87: =F87*G87 -> 0
C89: (b) | D89: Vibratory roller (18 ton) | E89: hour (h) | F89: 20 | H89: =F89*G89 -> 0
C91: (c) | D91: Pneumatic roller (18 ton) | E91: hour (h) | F91: 15 | H91: =F91*G91 -> 0
C93: (d) | D93: Front end loader (0,5m³ bucket) | E93: hour (h) | F93: 10 | H93: =F93*G93 -> 0
C95: (e) | D95: Tractor loader backhoe Smaller than 70kw | E95: hour (h) | F95: 15 | H95: =F95*G95 -> 0
C97: (f) | D97: Excavator Bigger than 93kw but smaller than 200kw | E97: hour (h) | F97: 15 | H97: =F97*G97 -> 0
C99: (g) | D99: Compressor (100L) | E99: hour (h) | F99: 25 | H99: =F99*G99 -> 0
C101: (h) | D101: Vibrating plate compactor (minimum power 2 kW) | E101: hour (h) | F101: 10 | H101: =F101*G101 -> 0
C103: (i) | D103: Water tank truck (10 000L) | E103: hour (h) | F103: 20 | H103: =F103*G103 -> 0
C105: (j) | D105: Tip truck minimum load capacity 10 tons | E105: hour (h) | F105: 10 | H105: =F105*G105 -> 0
B107: C1.2.8.3 | D107: Vehicles (specify size)
C109: (a) | D109: Light delivery vehicle LDV up to 1 ton | E109: kilometre (km) | F109: 6 | H109: =F109*G109 -> 0
C111: (b) | D111: Flatbed truck Capacity 5 ton (medium) | E111: kilometre (km) | F111: 9 | H111: =F111*G111 -> 0
B113: C1.2.8.4 | D113: Materials
C115: (a) | D115: Procurement of materials | E115: provisional sum | F115: 1 | G115: 200000 | H115: =F115*G115 -> 200000
C117: (b) | D117: Contractor's handling costs, profit and all other charges in respect of item C1.2.8.4(a) | E117: percentage (%) | F117: =H115 -> 200000 | H117: =G117*F117 -> 0
A119: C1.2.9 | D119: Disposal of non-useable assets
B121: C1.2.9.1 | D121: Disposal of non-useable assets identified in the Contract Documentation at time of tender
D123: (a) Road Signs | E123: rate (per asset) | F123: 1 | H123: =F123*G123 -> 0
D125: (b) Guardrails | E125: rate (per asset) | F125: 1 | H125: =F125*G125 -> 0
D127: (c) Concrete rubble | E127: rate (per asset) | F127: 1 | H127: =F127*G127 -> 0
D129: (d) Stock-proof fences | E129: rate (per asset) | F129: 1 | H129: =F129*G129 -> 0
A131: PC1.2.10 | D131: Dispute Adjudication Board (DAB)
B133: C1.2.10.1 | D133: Employer’s contribution to DAB (50%) | E133: prime cost (PC) sum | F133: 1 | G133: 1000000 | H133: =G133*F133 -> 1000000
A143: TOTAL CARRIED FORWARD TO SUMMARY | H143: =SUM(H67:H142) -> 1310000

Sheet C1.3
A1: C1.3 | D1: CONTRACTOR’S SITE ESTABLISHMENT AND GENERAL OBLIGATIONS
A2: ITEM | D2: DESCRIPTION | E2: UNIT | F2: QTY | G2: RATE | H2: AMT
A5: PC1.3.1 | D5: The Contractor's general obligations
B7: C1.3.1.1 | D7: Fixed obligations | E7: lump sum | F7: 1 | H7: =F7*G7 -> 0
B9: C1.3.1.2 | D9: Value-related obligations | E9: lump sum | F9: 1 | H9: =F9*G9 -> 0
B11: C1.3.1.3 | D11: Time-related obligations
C13: (a) | D13: Mobilisation period | E13: month | F13: 3 | H13: =F13*G13 -> 0
C15: (b) | D15: Execution of the works | E15: month | F15: 15 | H15: =F15*G15 -> 0
B17: C1.3.1.4 | D17: Suspension Cost
C19: (a) | D19: De-establishment | E19: number (No.) | F19: 1 | H19: =F19*G19 -> 0
C21: (b) | D21: Re-establishment | E21: number (No.) | F21: 1 | H21: =F21*G21 -> 0
C23: (c) | D23: Suspension period | E23: month | F23: 3 | H23: =F23*G23 -> 0
C25: (d) | D25: Engineer's cost | E25: prime cost (PC) sum | F25: 1 | G25: 1000000 | H25: =F25*G25 -> 1000000
C27: (e ) | D27: Handling costs and profit in respect of subsubitem C1.3.1.4.(d) above | E27: percentage (%) | F27: =G25 -> 1000000 | H27: =F27*G27 -> 0
A29: C1.3.2 | D29: Contract sign boards | E29: square metre (m2) | F29: 30 | H29: =F29*G29 -> 0
A79: TOTAL CARRIED FORWARD TO SUMMARY | H79: =SUM(H5:H78) -> 1000000

Sheet C1.4
A1: C1.4 | C1: FACILITIES FOR THE ENGINEER
A2: ITEM | C2: DESCRIPTION | D2: UNIT | E2: QTY | F2: RATE | G2: AMT
A3: C1.4.1 | C3: Site Accommodation
B5: C1.4.1.1 | C5: Offices and conference room | D5: square metre (m2) | E5: 130 | G5: =E5*F5 -> 0
B7: C1.4.1.2 | C7: Laboratories | D7: square metre (m2) | E7: 100 | G7: =E7*F7 -> 0
B9: C1.4.1.3 | C9: Open concrete working floors and verandas | D9: square metre (m2) | E9: 150 | G9: =E9*F9 -> 0
B11: C1.4.1.4 | C11: Roofs over open concrete working floors and verandas | D11: square metre (m2) | E11: 100 | G11: =E11*F11 -> 0
B13: C1.4.1.5 | C13: Store rooms inside the laboratory | D13: square metre (m2) | E13: 30 | G13: =E13*F13 -> 0
B15: C1.4.1.6 | C15: Car ports (Drawing No. PN136-LAB | D15: number (No.) | E15: 8 | G15: =E15*F15 -> 0
B17: C1.4.1.7 | C17: Ablution unit (24.3m2/unit, refer to drawings: PN136-LAB) | D17: number (No.) | E17: 4 | G17: =E17*F17 -> 0
B19: C1.4.1.9 | C19: Kitchen unit (38.8m2/unit, refer to drawings:PN136-LAB) | D19: number (No.) | E19: 2 | G19: =E19*F19 -> 0
B21: C1.4.1.13 | C21: Rented housing paid for by the Contractor | D21: provisional sum | E21: 1 | F21: 900000 | G21: =E21*F21 -> 900000
B23: C1.4.1.14 | C23: Contractor's handling costs, profit and all other charges in respect of item C1.4.1.13 | D23: percentage (%) | E23: =G21 -> 900000 | G23: =E23*F23 -> 0
A25: C1.4.2 | C25: Items measured by area
B27: C1.4.2.1 | C27: Shelving as specified, complete with brackets | D27: square metre (m2) | E27: 15 | G27: =E27*F27 -> 0
B29: C1.4.2.2 | C29: Work benches with a concrete slab top | D29: square metre (m2) | E29: 20 | G29: =E29*F29 -> 0
B31: C1.4.2.4 | C31: Constant-temperature baths of concrete and/or plastered brick | D31: square metre (m2) | E31: 4 | G31: =E31*F31 -> 0
B33: C1.4.2.5 | C33: Concrete footings and pedestals for laboratory equipment | D33: square metre (m2) | E33: 6 | G33: =E33*F33 -> 0
B35: C1.4.2.7 | C35: Venetian blinds | D35: square metre (m2) | E35: 30 | G35: =E35*F35 -> 0
B37: C1.4.2.8 | C37: Notice boards | D37: square metre (m2) | E37: 7 | G37: =E37*F37 -> 0
B39: C1.4.2.9 | C39: White boards | D39: square metre (m2) | E39: 7 | G39: =E39*F39 -> 0
A41: C1.4.3 | C41: Items measured by number
B43: C1.4.3.1 | C43: Office swivel chair | D43: number (No.) | E43: 6 | G43: =E43*F43 -> 0
B45: C1.4.3.2 | C45: Office chair | D45: number (No.) | E45: 30 | G45: =E45*F45 -> 0
B47: C1.4.3.3 | C47: Draughtsman's stool | D47: number (No.) | E47: 4 | G47: =E47*F47 -> 0
B49: C1.4.3.4 | C49: Laboratory high chair | D49: number (No.) | E49: 6 | G49: =E49*F49 -> 0
B51: C1.4.3.5 | C51: Office desk with 3 drawers (at least one lockable drawer) | D51: number (No.) | E51: 7 | G51: =E51*F51 -> 0
B53: C1.4.3.7 | C53: Drawing table | D53: number (No.) | E53: 7 | G53: =E53*F53 -> 0
B55: C1.4.3.8 | C55: Conference table | D55: number (No.) | E55: 1 | G55: =E55*F55 -> 0
B57: C1.4.3.9 | C57: Bookcase | D57: number (No.) | E57: 1 | G57: =E57*F57 -> 0
B59: C1.4.3.11 | C59: General purpose steel cabinet with shelves | D59: number (No.) | E59: 7 | G59: =E59*F59 -> 0
B61: C1.4.3.13 | C61: 220/250 volt power outlet plug point | D61: number (No.) | E61: 44 | G61: =E61*F61 -> 0
B63: C1.4.3.14 | C63: 400/231 volt 3-phase power outlet plug point | D63: number (No.) | E63: 1 | G63: =E63*F63 -> 0
B65: C1.4.3.15 | C65: Single 1500m, 58 watt fluorescent tube ceiling light | D65: number (No.) | E65: 17 | G65: =E65*F65 -> 0
... B69: C1.4.3.17 | C69: 11 watt compact fluorescent bulb ceiling light | D69: number (No.) | E69: 4 | G69: =E69*F69 -> 0
B70: CARRIED FORWARD | G70: =SUM(G5:G69) -> 900000
B71: BROUGHT FORWARD | G71: =G70 -> 900000
B73: C1.4.3.19 | C73: Wash-hand basin | D73: number (No.) | E73: 3 | G73: =E73*F73 -> 0
B75: C1.4.3.20 | C75: Laboratory basin | D75: number (No.) | E75: 5 | G75: =E75*F75 -> 0
B77: C1.4.3.21 | C77: Extractor fan | D77: number (No.) | E77: 1 | G77: =E77*F77 -> 0
B79: C1.4.3.22 | C79: Fume cupboard | D79: number (No.) | E79: 1 | G79: =E79*F79 -> 0
B81: C1.4.3.23 | C81: Fire extinguisher 9,0 kg, dry powder type | D81: number (No.) | E81: 6 | G81: =E81*F81 -> 0
B83: C1.4.3.24 | C83: Air-conditioning unit (12000 BTU) | D83: number (No.) | E83: 7 | G83: =E83*F83 -> 0
B85: C1.4.3.26 | C85: Concrete specimen curing bath | D85: number (No.) | E85: 1 | G85: =E85*F85 -> 0
B87: C1.4.3.27 | C87: Waste paper basket | D87: number (No.) | E87: 7 | G87: =E87*F87 -> 0
B89: C1.4.3.28 | C89: UPS / Voltage stabiliser | D89: number (No.) | E89: 2 | G89: =E89*F89 -> 0
B91: C1.4.3.29 | C91: A3 / A4 colour printer, copier, scanner | D91: number (No.) | E91: 2 | G91: =E91*F91 -> 0
B93: C1.4.3.34 | C93: Mobile outdoor weather station | D93: number (No.) | E93: 1 | G93: =E93*F93 -> 0
B95: C1.4.3.36 | C95: Measuring wheel | D95: number (No.) | E95: 1 | G95: =E95*F95 -> 0
B97: C1.4.3.37 | C97: First aid kit | D97: number (No.) | E97: 2 | G97: =E97*F97 -> 0
A99: C1.4.4 | C99: Prime cost items
B101: C1.4.4.1 | C101: Cell phones costs, including pro-rata rentals, for calls made in connection with contract administration | D101: prime cost (PC) sum | E101: 1 | F101: 50000 | G101: =E101*F101 -> 50000
B103: C1.4.4.2 | C103: Handling costs and profit in respect of item C1.4.4.1 | D103: percentage (%) | E103: =G101 -> 50000 | G103: =E103*F103 -> 0
B105: C1.4.4.5 | C105: The provision of internet connectivity and WiFi data for Engineer’s site staff | D105: prime cost (PC) sum | E105: 1 | F105: 40000 | G105: =E105*F105 -> 40000
B107: C1.4.4.6 | C107: Handling costs and profit in respect of item C1.4.4.5 | D107: percentage (%) | E107: =G105 -> 40000 | G107: =E107*F107 -> 0
A109: C1.4.5 | C109: Services at site offices, laboratories and site accommodation
B111: C1.4.5.1 | C111: Fixed costs | D111: lump sum | E111: 1 | G111: =E111*F111 -> 0
B113: C1.4.5.2 | C113: Running costs | D113: month | E113: 15 | G113: =E113*F113 -> 0
A115: C1.4.6 | C115: Office staff
B117: C1.4.6.1 | C117: Secretary / receptionist | D117: month | E117: 15 | G117: =E117*F117 -> 0
A119: C1.4.7 | C119: Site inspection transport
B121: C1.4.7.1 | C121: Provision of a bus, mini-bus or combi van for site inspection purposes (Minibus 16 seater) | D121: per day | E121: 20 | G121: =E121*F121 -> 0
A147: TOTAL CARRIED FORWARD TO SUMMARY | G147: =SUM(G71:G146) -> 990000

Sheet C1.5
A1: C1.5 | E1: ACCOMMODATION OF TRAFFIC
A2: ITEM | E2: DESCRIPTION | F2: UNIT | G2: QTY | H2: RATE | I2: AMT
A5: C1.5.1 | E5: Accommodation of pedestrian and non-motorised traffic
B7: C1.5.1.1 | E7: Accommodation of pedestrian and non-motorised traffic | F7: month | G7: 15 | I7: =G7*H7 -> 0
A9: C1.5.2 | E9: Accommodation of vehicular traffic | F9: month | G9: 15 | I9: =G9*H9 -> 0
A11: C1.5.3 | E11: Liaison with traffic authorities | F11: month | G11: 15 | I11: =G11*H11 -> 0
A13: C1.5.4 | E13: Construction of temporary deviations
B15: C1.5.4/C.5.5.17 | E15: In-situ reconstruction of a pavement layer using conventional construction equipment to construct a stabilised gravel shoulder layer:
C17: (a) | E17: Using non-cemented material compacted to 150mm thick | F17: cubic metre (m3) | G17: 3500 | I17: =G17*H17 -> 0
B19: C1.5.4/C.5.4.2.1 | E19: C.5.4.2.1 Chemical stabilisation (layer thickness 150mm) of pavement layers
C21: (c) | E21: In-situ gravel shoulder layer(150mm thick) | F21: cubic metre (m3) | G21: =G17 -> 3500 | I21: =G21*H21 -> 0
B23: C1.5.4/C.5.4.5.1 | E23: C5.4.5.1 Addition of cementitious stabilisation agents (specify agent separately) for pavement layers:
C25: (a) | E25: Cement (CEM II 32,5)(for pavement layer) | F25: tonne (t) | G25: 230 | I25: =G25*H25 -> 0
B27: C1.5.4/C10.1.22 | E27: Bituminous single seal and slurry, including a cover spray if specified:
B29: C10.1.22.2 | E29: Bituminous single seal with 14mm aggregate and slurry (70/100 penetration grade,60% anionic stable-grade emulsion or SC-E1(t),Aggregate grade C, Fine slurry, medium grade) | F29: square metre (m2) | G29: 24000 | I29: =G29*H29 -> 0
B31: C1.5.4/C10.1.24 | E31: Variation in the rate of application of the fine slurry:
B33: C.1.5.4/C10.1.24.2 | E33: Medium grade | F33: cubic metre (m3) | I33: Rate Only
B35: C.1.5.4/C10.1.26 | E35: Trial sections for all seal types specified (Bituminous single seal with 14mm aggregate and slurry (70/100 penetration grade,60% anionic stable-grade emulsion or SC-E1(t),Aggregate grade C, Fine slurry, medium grade)) | F35: lump sum | G35: 1 | I35: =G35*H35 -> 0
B37: C.1.5.4/C10.1.9 | E37: Bituminous binder variations:
B39: C.1.5.4/C10.1.9.1 | E39: 70/100 Penetration grade bitumen | F39: litre (ℓ) | I39: Rate Only
B41: C.1.5.4/C10.1.9.2 | E41: 60% Stable-grade emulsion | F41: litre (ℓ) | I41: Rate Only
B43: C.1.5.4/C10.1.9.5 | E43: Homogeneous modified binder (SC-E1(t)) cold applied | F43: litre (ℓ) | I43: Rate Only
B45: 'C.1.5.4/C10.1.10 | E45: Aggregate variation (grade C):
B47: C.1.5.4/C10.1.10.4 | E47: 14mm aggregate | F47: cubic metre (m3) | I47: Rate Only
A49: C1.5.5 | E49: Maintenance of temporary deviations
B51: C1.5.5.1 | E51: Grass cutting | F51: hectare (ha) | G51: 1 | I51: =G51*H51 -> 0
B53: C1.5.5.2 | E53: Drain cleaning | F53: kilometre (km) | G53: 3 | I53: =G53*H53 -> 0
A54: CARRIED FORWARD | I54: =SUM(I7:I53) -> 0
A55: BROUGHT FORWARD | I55: =I54 -> 0
B57: C1.5.5.3 | E57: Cleaning out culverts | F57: cubic metre (m3) | G57: 40 | I57: =G57*H57 -> 0
B59: C1.5.5.4 | E59: Collection of rubbish / litter | F59: kilometre (km) | G59: 3 | I59: =G59*H59 -> 0
B61: C1.5.5.7 | E61: Base and/or surface patching using hot plant mixed asphalt | F61: tonne (t) | G61: 2900 | I61: =G61*H61 -> 0
B63: C1.5.5.9 | E63: Grading of temporary deviations and existing roads used as detours | F63: kilometre (km) | G63: 3 | I63: =G63*H63 -> 0
B65: C1.5.5.10 | E65: Watering of temporary deviations and existing roads used as detours | F65: kilolitre (kℓ) | G65: 1100 | I65: =G65*H65 -> 0
B67: C1.5.5.11 | E67: Other road maintenance work ordered by the Engineer | F67: provisional sum | G67: 1 | H67: 50000 | I67: =G67*H67 -> 50000
B69: C1.5.5.12 | E69: Handling cost, profit and all other charges in respect of item C1.5.6.11 | F69: percentage (%) | G69: =I67 -> 50000 | I69: =G69*H69 -> 0
A71: C1.5.6 | E71: Removal of temporary deviations | F71: kilometre (km) | G71: 4 | I71: =G71*H71 -> 0
A73: C1.5.7 | E73: Temporary traffic control facilities
B75: C1.5.7.1 | E75: Delineators including mounting bases and ballast:
C77: (b) | E77: Double sided, reversible left or right (800 x 200mm ) | F77: number (No.) | G77: 1600 | I77: =G77*H77 -> 0
B79: C1.5.7.3 | E79: Flagmen | F79: man-shift | G79: 2000 | I79: =G79*H79 -> 0
B81: C1.5.7.5 | E81: Provision of illuminated traffic signs:
C83: (a) | E83: Sign mounted flashing amber lights (2 lights with the specified power supply) mounted on a backing board which is:
D85: (ii) | E85: 1200mm wide x 200mm high | F85: number (No.) | G85: 6 | I85: =G85*H85 -> 0
C87: (b) | E87: Flashing LED illuminated arrow board | F87: number (No.) | G87: 6 | I87: =G87*H87 -> 0
C89: (e) | E89: Mobile variable message sign | F89: number (No.) | G89: 2 | I89: =G89*H89 -> 0
B91: C1.5.7.6 | E91: Maintenance of illuminated traffic signs:
C93: (a) | E93: Sign mounted flashing amber lights (a pair of two lights mounted on a separate backing board) | F93: month | G93: 15 | I93: =G93*H93 -> 0
C95: (b) | E95: Flashing LED illuminated arrow board | F95: month | G95: 15 | I95: =G95*H95 -> 0
C97: (e) | E97: Mobile variable message sign | F97: month | G97: 15 | I97: =G97*H97 -> 0
B99: C1.5.7.7 | E99: Traffic calming devices:
C101: (a) | E101: 25mm high x 500m wide asphalt rumble strips | F101: metre (m) | G101: 160 | I101: =G101*H101 -> 0
A103: C1.5.8 | E103: Traffic safety officer | F103: man-month | G103: 15 | I103: =G103*H103 -> 0
A105: C1.5.9 | E105: Traffic safety vehicle | F105: month | G105: 15 | I105: =G105*H105 -> 0
A107: C1.5.11 | E107: Provision of safety equipment for visitors
B109: C1.5.11.1 | E109: Provision of reflective safety vests for visitors | F109: number (No.) | G109: 12 | I109: =G109*H109 -> 0
A111: C1.5.12 | E111: Additional traffic accommodation facilities ordered by the Engineer:
B113: C1.5.12.1 | E113: Provision of additional traffic accommodation facilities | F113: provisional sum | G113: 1 | H113: 300000 | I113: =G113*H113 -> 300000
B115: C1.5.12.2 | E115: Handling cost, profit and all other charges in respect of item C1.5.12.1 | F115: percentage (%) | G115: =I113 -> 300000 | I115: =G115*H115 -> 0
A123: TOTAL CARRIED FORWARD TO SUMMARY | I123: =SUM(I55:I122) -> 350000

Sheet C1.6
A1: C1.6 | C1: CLEARING AND GRUBBING
A2: ITEM | C2: DESCRIPTION | D2: UNIT | E2: QTY | F2: RATE | G2: AMT
A5: C1.6.1 | C5: Clearing
B7: C1.6.1.1 | C7: Clearing with machines and some hand labour where necessary | D7: hectare (ha) | E7: 15 | G7: =E7*F7 -> 0
A9: C1.6.2 | C9: Grubbing
B11: C1.6.2.1 | C11: Grubbing with machines and some hand labour where necessary | D11: hectare (ha) | E11: 1 | G11: =E11*F11 -> 0
A13: C1.6.3 | C13: Removal and grubbing of large trees and tree stumps:
B15: C1.6.3.1 | C15: Girth equal to or exceeding 1,0m up to and including 2,0m | D15: number (No.) | E15: 20 | G15: =E15*F15 -> 0
A17: C1.6.9 | C17: Conservation of topsoil:
B19: C1.6.9.1 | C19: Stockpiling topsoil | D19: cubic metre (m3) | E19: 6000
B21: C1.6.9.2 | C21: Windrowing topsoil | D21: cubic metre (m3) | E21: 1000 | G21: =E21*F21 -> 0
A23: C1.6/C1.7.2.2 | C23: Hauling material to spoil and off-loading it at a designated spoil or stockpile area:
C25: (a) Cleared and grubbed material (organic matter and all other unsuitable or waste material) | D25: cubic metre - kilometre (m3 - km) | E25: 10000 | G25: =E25*F25 -> 0
C27: (b) Soil and gravel material | D27: cubic metre - kilometre (m3 - km) | E27: 18000 | G27: =E27*F27 -> 0
A72: TOTAL CARRIED FORWARD TO SUMMARY | G72: =SUM(G7:G71) -> 0

Sheet C2.1
A1: C2.1 | D1: GENERAL REQUIREMENTS AND TRENCHING FOR SERVICES
A2: ITEM | D2: DESCRIPTION | E2: UNIT | F2: QTY | G2: RATE | H2: AMT
A5: C2.1.1 | D5: Location, identification, protection and relocation of existing services
B7: C2.1.1.1 | D7: Contractor’s obligations | E7: lump sum | F7: 1 | H7: =G7*F7 -> 0
B9: C2.1.1.2 | D9: Permanent services relocation or protection work by others | E9: prime cost (PC) sum | F9: 1 | G9: 4500000 | H9: =G9*F9 -> 4500000
B11: C2.1.1.3 | D11: Handling costs and profit in respect of item C2.1.1.2 above | E11: percentage (%) | F11: =H9 -> 4500000 | H11: =G11*F11 -> 0
A13: C2.1.2 | D13: Existing services location, detection and verification
B15: C2.1.2.1 | D15: Using specialist detection services (ground penetrating radar)-GPR | E15: prime cost (PC) sum | F15: 1 | G15: 100000 | H15: =G15*F15 -> 100000
B17: C2.1.2.2 | D17: Handling costs and profit in respect of item C2.1.2.1 above | E17: percentage (%) | F17: =G15 -> 100000 | H17: =G17*F17 -> 0
B19: C2.1.2.5 | D19: Using hand excavation to locate, expose and verify services | E19: month | F19: 150 | H19: =G19*F19 -> 0
A74: TOTAL CARRIED FORWARD TO SUMMARY | H74: =SUM(H5:H73) -> 4600000

Sheet C2.2
A1: C2.2 | D1: DRY SERVICES
A2: ITEM | D2: DESCRIPTION | E2: UNIT | F2: QTY | G2: RATE | H2: AMT
A5: C2.2.1 | D5: Supply, lay and prove ducts
B7: C2.2.1.1 | D7: Unplasticised PVC pipes and fittings with couplings
C9: (a) | D9: 110mm diameter UPVC (OD) | E9: metre (m) | F9: 4800 | H9: =F9*G9 -> 0
C11: (b) | D11: 160mm diameter UPVC (OD) | E11: metre (m) | F11: =500+350 -> 850 | H11: =F11*G11 -> 0
A13: C2.2.4 | D13: Bedding for ducts compacted to 90 % of MDD (100 % for sand) using material:
B15: C2.2.4.5 | D15: From commercial sources
C17: (a) | D17: Non-cohesive material (Washed river sand) | E17: cubic metre (m3) | F17: 160 | H17: =F17*G17 -> 0
C19: (b) | D19: Crushed stone material (20mm stone) | E19: cubic metre (m3) | F19: 160 | H19: =F19*G19 -> 0
A21: C2.2.5 | D21: Concrete for bedding and encasement of ducts
B23: C2.2.5.2 | D23: Concrete encasement of ducts (C20/25-20) | E23: cubic metre (m3) | F23: 20 | H23: =F23*G23 -> 0
A25: C2.2.6 | D25: Duct accessories (markers, marking, draw wires and end caps etc.)
B27: C2.2.6.1 | D27: Duct markers (Refer to DrawingTD-R-MS-100/101) | E27: number (No.) | F27: 16 | H27: =F27*G27 -> 0
B29: C2.2.6.3 | D29: Draw wires (2 strands, 2.5mm in diameter of galvanised steel wire, 2m beyond each end) | E29: metre (m) | F29: 2100 | H29: =F29*G29 -> 0
B31: C2.2.6.4 | D31: End caps or plugs (Refer to DrawingTD-R-MS-100/101) | E31: number (No.) | F31: 16 | H31: =F31*G31 -> 0
A34: C2.2/C2.1.9 | D34: Trench excavation using labour enhanced construction methods
B36: C2.1.9.1 | D36: Trenches up to 1,0m wide
C38: (a) | D38: Up to 1,0m deep | E38: cubic metre (m3) | F38: 820 | H38: =F38*G38 -> 0
A40: C2.2/C2.1.11 | D40: Backfilling of trenches
B42: C2.1.11.1 | D42: Backfill compacted to 93% (100% for sand) of MDD (areas subject to traffic loads) using material:
C44: (a) | D44: From the excavated trench material | E44: cubic metre (m3) | F44: 640 | H44: =F44*G44 -> 0
A46: C2.2/C1.7.2 | D46: Hauling
B48: C1.7.2.2 | D48: Hauling material to spoil and off-loading it at a designated spoil or stockpile area:
C50: (b) | D50: Soil and gravel material | E50: cubic metre - kilometre (m3 - km) | F50: 2400 | H50: =F50*G50 -> 0
A67: TOTAL CARRIED FORWARD TO SUMMARY | H67: =SUM(H5:H66) -> 0

Sheet C3.1
A1: C3.1 | D1: DRAINS
A2: ITEM | D2: DESCRIPTION | E2: UNIT | F2: QTY | G2: RATE | H2: AMT
A5: C3.1.2 | D5: Clearing, shaping and disposal of accumulated sediment in existing unlined open drains
B7: C3.1.2.1 | D7: Using conventional methods | E7: cubic metre (m3) | F7: 50 | H7: =F7*G7 -> 0
B9: C3.1.2.2 | D9: Using labour enhanced construction methods | E9: cubic metre (m3) | F9: 50 | H9: =F9*G9 -> 0
A11: C3.1.3 | D11: Excavation, clearing and disposal of accumulated sediment in existing lined drains and drainage systems
B13: C3.1.3.1 | D13: Using conventional methods (up to 1,5m):
C15: (a) | D15: Manholes and inlet and outlet structures | E15: cubic metre (m3) | F15: 100 | H15: =F15*G15 -> 0
C17: (b) | D17: Culvert barrels | E17: cubic metre (m3) | F17: 50 | H17: =F17*G17 -> 0
C19: (c) | D19: Concrete or other lined side drains | E19: cubic metre (m3) | F19: 10 | H19: =F19*G19 -> 0
B21: C3.1.3.2 | D21: Using conventional methods (in excess of 1,5m):
C23: (a) | D23: Manholes and inlet and outlet structures | E23: cubic metre (m3) | F23: 20 | H23: =F23*G23 -> 0
C25: (b) | D25: Culvert barrels | E25: cubic metre (m3) | F25: 20 | H25: =F25*G25 -> 0
C27: (c) | D27: Concrete or other lined side drains | E27: cubic metre (m3) | F27: 10 | H27: =F27*G27 -> 0
B29: C3.1.3.3 | D29: Using labour enhanced construction methods:
C31: (a) | D31: Manholes and inlet and outlet structures | E31: cubic metre (m3) | F31: 50 | H31: =F31*G31 -> 0
C33: (b) | D33: Culvert barrels | E33: cubic metre (m3) | F33: 30 | H33: =F33*G33 -> 0
C35: (c) | D35: Concrete or other lined side drains | E35: cubic metre (m3) | F35: 10 | H35: =F35*G35 -> 0
A37: C3.1.4 | D37: Excavation and disposal of material for subsoil drainage systems:
B39: C3.1.4.1 | D39: Excavating in all material situated within the following depth ranges below the surface:
C41: (a) | D41: 0m to 1,5m | E41: cubic metre (m3) | F41: 450 | H41: =F41*G41 -> 0
C43: (b) | D43: Exceeding 1,5m and up to 3,0m | E43: cubic metre (m3) | F43: 40 | H43: =F43*G43 -> 0
B45: C3.1.4.2 | D45: Excavating soft material situated within 0m to 1,5m below the surface level using labour enhanced construction methods | E45: cubic metre (m3) | F45: 70 | H45: =F45*G45 -> 0
B47: C3.1.4.3 | D47: Excavating intermediate material situated within 0m to 1,5m below the surface level using labour enhanced construction methods | E47: cubic metre (m3) | F47: 100 | H47: =F47*G47 -> 0
B49: C3.1.4.4 | D49: Extra over sub-item C3.1.4.1 for excavation in hard and boulder material, irrespective of depth | E49: cubic metre (m3) | F49: 5 | H49: =F49*G49 -> 0
A51: C3.1.5 | D51: Impermeable backfilling to subsoil drainage systems
B53: C3.1.5.1 | D53: Un-stabilised natural gravel obtained from approved sources on the site | E53: cubic metre (m3) | F53: 450 | H53: =F53*G53 -> 0
B55: C3.1.5.2 | D55: G5 material obtained from commercial sources | E55: cubic metre (m³) | F55: 70 | H55: =F55*G55 -> 0
A57: C3.1.6 | D57: Construction of banks and dykes:
B59: C3.1.6.1 | D59: Banks and dykes using conventional methods | E59: cubic metre (m3) | F59: 500 | H59: =F59*G59 -> 0
B61: C3.1.6.2 | D61: Banks and dykes using labour enhanced construction methods | E61: cubic metre (m3) | F61: 50 | H61: =F61*G61 -> 0
B63: CARRIED FORWARD | H63: =SUM(H7:H62) -> 0
B64: BROUGHT FORWARD | H64: =H63 -> 0
A65: C3.1.7 | D65: Natural permeable material in subsoil drainage systems (approved crushed stone):
B67: C3.1.7.2 | D67: Crushed stone obtained from commercial sources (SANS 1083-Table 3 coarse-grade 20 mm nominal size filter stone) | E67: cubic metre (m3) | F67: 220 | H67: =F67*G67 -> 0
A69: C3.1.8 | D69: Natural permeable material in subsoil drainage systems (approved natural sand):
B71: C3.1.8.2 | D71: Natural sand from commercial sources SANS 1083-Table A3.1.5-1 (Coarse grade) | E71: cubic metre (m3) | F71: 170 | H71: =F71*G71 -> 0
A73: C3.1.9 | D73: Pipes in subsoil drainage systems:
B75: C3.1.9.2 | D75: HDPe flexible pipes with smooth bore, complete with couplings (150 mm internal diameter, slotted ) | E75: metre (m) | F75: 1000 | H75: =F75*G75 -> 0
B77: C3.1.9.3 | D77: HDPe flexible pipes with smooth bore, complete with couplings (150 mm internal diameter, normal ) | E77: metre (m) | F77: 200 | H77: =F77*G77 -> 0
A79: C3.1.11 | D79: Geotextiles (Synthetic Fibre Filter Fabric, Grade 2 or similar approved) | E79: square metre (m2) | F79: =((0.8*2)+0.6+0.8)*F75 -> 3000 | H79: =F79*G79 -> 0
A81: C3.1.13 | D81: Concrete outlet structures, manhole boxes, junction boxes and cleaning eyes for subsoil drainage systems:
B83: C3.1.13.1 | D83: Outlet structures
C85: (i) | D85: Type A as detailed on drawing No. PN136-CTp02 | E85: number (No.) | F85: 6 | H85: =F85*G85 -> 0
C87: (ii) | D87: Type B as detailed on drawing No. PN136-CTp02 | E87: number (No.) | F87: 4 | H87: =F87*G87 -> 0
B89: C3.1.13.3 | D89: Junction boxes (as detailed on drawing No. PN136-CTp02 | E89: number (No.) | F89: 7 | H89: =F89*G89 -> 0
B91: C3.1.13.4 | D91: Cleaning eyes (as detailed on drawing No. PN136-CTp02) | E91: number (No.) | F91: 10 | H91: =F91*G91 -> 0
A93: C3.1.14 | D93: Caps for subsoil drain pipes:
B95: C3.1.14.1 | D95: Concrete caps | E95: number (No.) | F95: 12 | H95: =F95*G95 -> 0
A97: C3.1.15 | D97: Repairing or replacing existing drainage systems | E97: provisional sum | F97: 1 | G97: 10000 | H97: =F97*G97 -> 10000
A99: C3.1.16 | D99: Loading and hauling of material in excess of 1,0 km | E99: cubic metre - kilometre (m3 - km) | F99: 1000 | H99: =F99*G99 -> 0
A101: C3.1.17 | D101: Backfilling existing eroded side drains | E101: cubic metre (m3) | F101: 150 | H101: =F101*G101 -> 0
A103: C3.1.18 | D103: Backfilling of drains with selected material compacted to 93% of MDD prior to construction of concrete lining and/or stone pitched lining | E103: cubic metre (m3) | F103: 320 | H103: =F103*G103 -> 0
A105: C3.1.22 | D105: Test flushing of subsoil drain pipe systems | E105: number (No.) | F105: 10 | H105: =F105*G105 -> 0
A107: C3.1.23 | D107: Subsoil drain outlet marker (as detailed on drawing No. PN136-CTp02) | E107: number (No.) | F107: 10 | H107: =F107*G107 -> 0
A109: C3.1.24 | D109: Submission of as built drawings by the Contractor | E109: provisional sum | F109: 1 | G109: 20000 | H109: =F109*G109 -> 20000
A111: C3.1/C1.7.1 | D111: Loading
B113: C1.7.1.2 | D113: Loading from heaps or windrows using machines and/some hand labour where necessary | E113: cubic metre (m3) | F113: 450 | H113: =F113*G113 -> 0
A115: C3.1/C1.7.2 | D115: Hauling
B117: C1.7.2.1 | D117: Hauling material for use in the Works and off-loading it on the site of the Works:
B119: CARRIED FORWARD | H119: =SUM(H64:H118) -> 30000
B120: BROUGHT FORWARD | H120: =H119 -> 30000
C121: (a) | D121: Soil, gravel, crushed stone and pavement layer material | E121: cubic metre - kilometre (m3 - km) | F121: 550 | H121: =F121*G121 -> 0
B123: C1.7.2.2 | D123: Hauling material to spoil and off-loading it at a designated spoil or stockpile area:
C125: (b) | D125: Soil and gravel material | E125: cubic metre - kilometre (m3 - km) | F125: 1500 | H125: =F125*G125 -> 0
A199: TOTAL CARRIED FORWARD TO SUMMARY | H199: =SUM(H120:H198) -> 30000

Sheet C3.2
A1: C3.2 | D1: CULVERTS
A2: ITEM | D2: DESCRIPTION | E2: UNIT | F2: QTY | G2: RATE | H2: AMT
A5: C3.2.1 | D5: Excavation for culvert structures:
B7: C3.2.1.1 | D7: Excavating in all material situated within the following depth ranges below the surface level:
C9: (a) | D9: 0m to 1,5m | E9: cubic metre (m3) | F9: 5000 | H9: =F9*G9 -> 0
C11: (b) | D11: Exceeding 1,5m and up to 3,0m | E11: cubic metre (m3) | F11: 2000 | H11: =F11*G11 -> 0
B13: C3.2.1.4 | D13: Extra over sub-item C3.2.1.1 for excavation in hard or boulder material, irrespective of depth | E13: cubic metre (m3) | F13: 200 | H13: =F13*G13 -> 0
B15: C3.2.1.5 | D15: Extra over sub-item C3.2.1.1 for excavation in stabilised existing road layers, irrespective of depth | E15: cubic metre (m3) | F15: 400 | H15: =F15*G15 -> 0
A17: C3.2.2 | D17: Backfilling
B19: C3.2.2.1 | D19: Using the excavated material | E19: cubic metre (m3) | F19: 4000 | H19: =F19*G19 -> 0
B21: C3.2.2.2 | D21: Using imported selected material:
C23: (a) | D23: From commercial sources (G7) | E23: cubic metre (m3) | F23: 2400 | H23: =F23*G23 -> 0
B25: C3.2.2.3 | D25: Extra over sub-items C3.2.2.1 and C3.2.2.2 for soil cement backfilling
C27: (a) | D27: With wet mixture (5% cement) (32.5kN) | E27: cubic metre (m3) | F27: =(F19+F23)*0.1 -> 640 | H27: =F27*G27 -> 0
C29: (b) | D29: With dry mixture (3 % cement) (32.5kN) | E29: cubic metre (m3) | F29: =(F27/0.1)*0.05 -> 320 | H29: =F29*G29 -> 0
A31: C3.2.3 | D31: Concrete pipe culverts:
B33: C3.2.3.2 | D33: On Class B bedding:
D35: (a) Class 75 D-load pipes, SC type, interlocking joints:
D36: (i) 300 mm diameter | E36: metre (m) | F36: 10 | H36: =F36*G36 -> 0
D38: (ii) 450mm diameter | E38: metre (m) | F38: 1220 | H38: =F38*G38 -> 0
D40: (iii) 525mm diameter | E40: metre (m) | F40: 480 | H40: =F40*G40 -> 0
D42: (iv) 600mm diameter | E42: metre (m) | F42: 380 | H42: =F42*G42 -> 0
D44: (v) 750 mm diameter | E44: metre (m) | F44: 200 | H44: =F44*G44 -> 0
D46: (vi) 900 mm diameter | E46: metre (m) | F46: 240 | H46: =F46*G46 -> 0
D48: (vii) 1200 mm diameter | E48: metre (m) | F48: 500 | H48: =F48*G48 -> 0
D50: (Viii) 1350 mm diameter | E50: metre (m) | F50: 200 | H50: =F50*G50 -> 0
A52: C3.2.5 | D52: Rectangular culverts with prefabricated elements:
B54: C3.2.5.1 | D54: Prefabricated portal culverts; wall and roof combination:
D56: (a) Prefabricated portal culverts; wall and roof combination (1200x600) | E56: metre (m) | F56: 140 | H56: =F56*G56 -> 0
D58: (b) Prefabricated portal culverts; wall and roof combination (1200x900) | E58: metre (m) | F58: 60 | H58: =F58*G58 -> 0
B60: C3.2.5.2 | D60: Prefabricated floor slabs:
D62: (a) Prefabricated floor slabs (1200x600) | E62: metre (m) | F62: 150 | H62: =F62*G62 -> 0
D64: (b) Prefabricated floor slabs (1200x900) | E64: metre (m) | F64: 70 | H64: =F64*G64 -> 0
B71: CARRIED FORWARD | H71: =SUM(H9:H64) -> 0
B72: BROUGHT FORWARD | H72: =H71 -> 0
A73: C3.2.7 | D73: Cast in situ concrete and formwork:
B75: C3.2.7.1 | D75: In Class A bedding, screeds, concrete backfill and the encasing for pipes, including formwork (Class C12/15-20) | E75: cubic metre (m3) | F75: 10 | H75: =F75*G75 -> 0
B77: C3.2.7.5 | D77: In inlet and outlet structures including kerbs, chutes and downpipes, skewed ends, catchpits, manholes, thrust and anchor blocks, excluding formwork but including Class U2 surfacing finish (Class 25/30-20) | E77: cubic metre (m3) | F77: 45 | H77: =F77*G77 -> 0
B79: C3.2.7.6 | D79: Formwork of concrete under items C3.2.7.3 to 5 above (Class F1 surface finish) | E79: square metre (m2) | F79: 400 | H79: =F79*G79 -> 0
D81: Formwork of concrete under items C3.2.7.3 to 5 above (Class F2 surface finish) | E81: square metre (m2) | F81: 300 | H81: =F81*G81 -> 0
A83: C3.2.10 | D83: Reinforcement:
B85: C3.2.10.1 | D85: Mild steel bars | E85: ton (t) | F85: 0.1 | H85: =F85*G85 -> 0
B87: C3.2.10.2 | D87: High-tensile steel bars | E87: ton (t) | F87: 0.5 | H87: =F87*G87 -> 0
B89: C3.2.10.3 | D89: Welded steel fabric | E89: kilogram (kg) | F89: 2000 | H89: =F89*G89 -> 0
A91: C3.2.12 | D91: Demolition of concrete members or elements:
B93: C3.2.12.1 | D93: Full member or element (headwalls and floorslabs) | E93: cubic metre (m3) | F93: 40 | H93: =F93*G93 -> 0
A95: PC3.2.15 | D95: Manholes and catch pits, with prefabricated elements
B97: C3.2.15.5 | D97: Manholes (Complete as shown on drawing no. PN136-CTp05) | E97: number (No.) | F97: 20 | H97: =F97*G97 -> 0
B99: C3.2.15.6 | D99: Kerb inlets (inside) (Complete as shown on drawing no. PN136-CTp-01) | E99: number (No.) | F99: 120 | H99: =F99*G99 -> 0
A141: TOTAL CARRIED FORWARD TO SUMMARY | H141: =SUM(H72:H140) -> 0

Sheet C3.3
A1: C3.3 | D1: CONCRETE KERBING AND CHANNELING, ASPHALT BERMS, CHUTES, DOWNPIPES, AS WELL AS CONCRETE, STONE PITCHED AND GABION LININGS FOR OPEN DRAINS
A2: ITEM | D2: DESCRIPTION | E2: UNIT | F2: QTY | G2: RATE | H2: AMT
A5: C3.3.1 | D5: Concrete kerbing:
B7: C3.3.1.1 | D7: Prefabricated kerbing:
C9: (a) | D9: Figure 3 Barrier Kerb (Drawing PN136-DCs02) | E9: metre (m) | F9: 5500 | H9: =F9*G9 -> 0
C11: (c) | D11: Figure 8C Mountable Kerb (Drawing PN136-DCs02) | E11: metre (m) | F11: 300 | H11: =F11*G11 -> 0
C13: (d) | D13: Figure 12 Garden Kerb(Drawing PN136-DCs02) | E13: metre (m) | F13: 7000 | H13: =F13*G13 -> 0
A15: C3.3.2 | D15: Concrete kerbing-channeling combination:
B17: C3.3.2.1 | D17: Prefabricated kerbing-channeling (300mm cast in-situ concrete channel with Class F2 Finish):
C19: (a) | D19: Figure 3 Barrier Kerb (Drawing PN136-DCs02) | E19: metre (m) | F19: 9200 | H19: =F19*G19 -> 0
C21: (b) | D21: Figure 7 Semi-mountable Kerb (Drawing PN136-DCs02) | E21: metre (m) | F21: 1030 | H21: =F21*G21 -> 0
B23: C3.3.2.2 | D23: Cast in situ kerbing-channeling (300mm cast in-situ concrete channel with Class F2 Finish)(C20/25-20):
C25: (a) | D25: Figure 8b Mountable Kerb-Channel Combination (Drawing PN136-DCs02) | E25: metre (m) | F25: 1700 | H25: =F25*G25 -> 0
A27: C3.3.3 | D27: Extra over items C3.3.1 and C3.3.2 for concrete kerbing or concrete kerbing and channeling on curves
B29: C3.3.3.1 | D29: On curves of radii more than or equal to 5,0m but less than 20m | E29: metre (m) | F29: 600 | H29: =F29*G29 -> 0
B31: C3.3.3.2 | D31: On curves with radii more than or equal to 1,0m but less than 5,0m | E31: metre (m) | F31: 105 | H31: =F31*G31 -> 0
B33: C3.3.3.3 | D33: On curves with radii less than 1,0m | E33: metre (m) | F33: 15 | H33: =F33*G33 -> 0
A35: C3.3.4 | D35: Extra over item C3.3.2 for drop kerbs at pedestrian crossings and driveways | E35: metre (m) | F35: 300 | H35: =F35*G35 -> 0
A36: C3.3.5 | D36: Asphalt berms
B37: C3.3.5.1 | D37: Asphalt berms placed where there are no vehicle restraint systems (drawing reference indicated) | E37: metre (m) | H37: =F37*G37 -> 0
B38: C3.3.5.2 | D38: Asphalt berms placed at existing vehicle restraint systems (drawing reference indicated) | E38: metre (m) | H38: =F38*G38 -> 0
B39: C3.3.5.3 | D39: Prime coat (type indicated) | E39: square metre (m2) | H39: =F39*G39 -> 0
B40: C3.3.5.4 | D40: Bond coat (type indicated) | E40: square metre (m2) | H40: =F40*G40 -> 0
A41: C3.3.6 | D41: Concrete chutes (typical designs):
B42: C3.3.6.1 | D42: Prefabricated concrete chutes (description of type with reference to drawing) | E42: metre (m) | H42: =F42*G42 -> 0
B43: C3.3.6.2 | D43: Cast in situ concrete chutes (description, with reference to drawing and class of concrete and finish indicated) | E43: metre (m) | H43: =F43*G43 -> 0
B44: C3.3.6.3 | D44: Stone pitched chutes (description with reference to drawing and class of concrete indicated) | E44: metre (m) | H44: =F44*G44 -> 0
A45: C3.3.7 | D45: Cast in situ concrete chutes (measured by components):
B46: C3.3.7.1 | D46: Concrete (class indicated) | E46: cubic metre (m3) | H46: =F46*G46 -> 0
B47: C3.3.7.2 | D47: Formwork (surface finish indicated) | E47: square metre (m2) | H47: =F47*G47 -> 0
B48: C3.3.7.3 | D48: Stone pitched chutes
C49: (a) | D49: Grouted stone pitching (type of chute indicated) | E49: square metre (m2) | H49: =F49*G49 -> 0
C50: (b) | D50: Grouted stone pitching on a concrete bed (class of concrete and type of chute indicated) | E50: square metre (m2) | H50: =F50*G50 -> 0
A82: TOTAL CARRIED FORWARD TO SUMMARY | H82: =SUM(H5:H81) -> 0

Sheet C4.2
A1: C4.2 | D1: CUT MATERIALS
A2: ITEM | D2: DESCRIPTION | E2: UNIT | F2: QTY | G2: RATE | H2: AMT
A5: C4.2.1 | D5: Compiling and implementing M&U plans for the cuttings
B7: C4.2.1.2 | D7: Cuttings exceeding 10 000 m3 up to 20 000 m3 | E7: number (No.) | F7: 1 | H7: =F7*G7 -> 0
A9: C4.2.3 | D9: Excavating of materials in cuttings, material obtained from:
B11: C4.2.3.1 | D11: Soft excavation | E11: cubic metre (m3) | F11: 10200 | H11: =F11*G11 -> 0
A13: C4.2.7 | D13: Removal of unsuitable stable cut material to spoil
B15: C4.2.7.1 | D15: In layer thicknesses of 200mm and less | E15: cubic metre (m3) | F15: 400 | H15: =F15*G15 -> 0
A18: C4.2.9 | D18: Excavate material to spoil in sites designated by the Contractor, material obtained from
B20: C4.2.9.1 | D20: Soft excavation, overburden and unsuitable material | E20: cubic metre (m3) | F20: 150 | H20: =F20*G20 -> 0
A22: C4.2/C1.7.2 | D22: Hauling
B24: C1.7.2.1 | D24: Hauling material for use in the Works and off-loading it on the site of the Works:
C26: (a) | D26: Soil, gravel, crushed stone and pavement layer material | E26: cubic metre - kilometre (m3 - km) | F26: =(F11*3)+(F15*6) -> 33000 | H26: =F26*G26 -> 0
B28: C1.7.2.2 | D28: Hauling material to spoil and off-loading it at a designated spoil or stockpile area:
C30: (b) | D30: Soil and gravel material | E30: cubic metre - kilometre (m3 - km) | F30: 1100 | H30: =F30*G30 -> 0
A70: TOTAL CARRIED FORWARD TO SUMMARY | H70: =SUM(H5:H69) -> 0

Sheet C4.4
A1: C4.4 | D1: COMMERCIAL MATERIALS
A2: ITEM | D2: DESCRIPTION | E2: UNIT | F2: QTY | G2: RATE | H2: AMT
A4: C4.4.2 | D4: Commercial materials identified by the Contractor from commercial, private or other non-commercial suppliers
B6: C4.4.2.1 | D6: Pavement layer material:
C8: (a) | D8: Type G1 material | E8: cubic metre (m3) | F8: 15500 | H8: =F8*G8 -> 0
C10: (b) | D10: Type G5B material | E10: cubic metre (m3) | F10: ='C5.3'!F23+'C5.3'!F25 -> 24000 | H10: =F10*G10 -> 0
C12: (c) | D12: Type G6 material | E12: cubic metre (m3) | F12: 3500 | H12: =F12*G12 -> 0
C14: (d) | D14: Type G7 material | E14: cubic metre (m3) | F14: 20800 | H14: =F14*G14 -> 0
C16: (e) | D16: Type G9 material | E16: cubic metre (m3) | F16: 15500 | H16: =F16*G16 -> 0
C18: (f) | D18: Gravel shoulder material | E18: cubic metre (m3) | F18: 5000 | H18: =F18*G18 -> 0
B20: C4.4.2.5 | D20: Fill material in the earthworks:
C22: (a) | D22: G9 Material | E22: cubic metre (m3) | F22: 50000 | H22: =F22*G22 -> 0
B24: C4.4.2.6 | D24: Pioneer material | E24: cubic metre (m3) | F24: 1725 | H24: =F24*G24 -> 0
A78: TOTAL CARRIED FORWARD TO SUMMARY | H78: =SUM(H4:H77) -> 0

Sheet C5.1
A1: C5.1 | E1: ROADBED
A2: ITEM | E2: DESCRIPTION | F2: UNIT | G2: QTY | H2: RATE | I2: AMT
A5: C5.1.1 | E5: Roadbed construction and compaction:
B7: C5.1.1.2 | E7: Compaction of in-situ material to 93% of MDD | F7: cubic metre (m3) | G7: 18200 | I7: =G7*H7 -> 0
A9: C5.1.3 | E9: Excavate material to spoil sites designated by the Contractor:
B11: C5.1.3.1 | E11: Excavate material to spoil from roadbed construction, material obtained from:
C13: (a) | E13: Soft excavation | F13: cubic metre (m3) | G13: 500 | I13: =G13*H13 -> 0
A15: C5.1.4 | E15: Removal of unsuitable material to spoil:
B17: C5.1.4.1 | E17: In layer thicknesses of 200mm and less
C19: (a) | E19: Stable material | F19: cubic metre (m3) | G19: 600 | I19: =G19*H19 -> 0
A21: C5.1.9 | E21: Construction of roadbed comprising normal and inactive clay:
B23: C5.1.9.3 | E23: By removal of material | F23: cubic metre (m3) | G23: 2000 | I23: =G23*H23 -> 0
A25: C5.1.11 | E25: Construction of roadbed comprising a pioneer layer | F25: cubic metre (m3) | G25: 2000 | I25: =G25*H25 -> 0
A27: C5.1/C1.7.2 | E27: Hauling
B29: C1.7.2.1 | E29: Hauling material for use in the Works and off-loading it on the site of the Works:
D31: (a) | E31: Soil, gravel, crushed stone and pavement layer material | F31: cubic metre - kilometre (m3 - km) | G31: 800 | I31: =G31*H31 -> 0
B33: C1.7.2.2 | E33: Hauling material to spoil and off-loading it at a designated spoil or stockpile area:
D35: (b) | E35: Soil and gravel material | F35: cubic metre - kilometre (m3 - km) | G35: 1300 | I35: =G35*H35 -> 0
A72: TOTAL CARRIED FORWARD TO SUMMARY | I72: =SUM(I5:I71) -> 0

Sheet C5.2
A1: C5.2 | D1: FILL
A2: ITEM | D2: DESCRIPTION | E2: UNIT | F2: QTY | G2: RATE | H2: AMT
A5: C5.2.1 | D5: Compiling and implementing M&U plans:
B7: C5.2.1.1 | D7: For fills more than 10 000 m3 | E7: number (No.) | F7: 1 | H7: =F7*G7 -> 0
A9: C5.2.2 | D9: Fill construction:
B11: C5.2.2.1 | D11: Normal fill material in compacted layer thicknesses of 200mm and less:
C13: (b) | D13: Compacted to 93% of MDD | E13: cubic metre (m3) | F13: ='[1]C4.4'!F22 -> 50000 | H13: =F13*G13 -> 0
A15: C5.2.5 | D15: Fill in sidewalk:
B17: C5.2.5.1 | D17: Fill material in sidewalk compacted to 93% of MDD | E17: cubic metre (m3) | F17: 7000 | H17: =F17*G17 -> 0
A19: C5.2.7 | D19: Construction of a trial section:
B21: C5.2.7.1 | D21: Normal fill | E21: cubic metre (m3) | F21: 500 | H21: =F21*G21 -> 0
A23: C5.2.11 | D23: Finishing-off fill slopes, medians and interchange areas:
B25: C5.2.11.1 | D25: Fill slopes | E25: square metre (m2) | F25: 30000 | H25: =F25*G25 -> 0
B27: C5.2.11.2 | D27: Medians and interchange areas | E27: square metre (m2) | F27: 18000 | H27: =F27*G27 -> 0
A29: C5.2.3 | D29: Side-cut to fill compacted to 93% of MDD in compacted layer thicknesses of 200mm and less | E29: cubic metre (m3) | F29: 5000 | H29: =F29*G29 -> 0
A31: C5.1/C1.7.2 | D31: Hauling
B33: C1.7.2.1 | D33: Hauling material for use in the Works and off-loading it on the site of the Works:
C35: (a) | D35: Soil, gravel, crushed stone and pavement layer material | E35: cubic metre - kilometre (m3 - km) | F35: =9500*2 -> 19000 | H35: =F35*G35 -> 0
A73: TOTAL CARRIED FORWARD TO SUMMARY | H73: =SUM(H5:H72) -> 0

Sheet C5.3
A1: C5.3 | D1: ROAD PAVEMENT LAYERS
A2: ITEM | D2: DESCRIPTION | E2: UNIT | F2: QTY | G2: RATE | H2: AMT
A5: C5.3.1 | D5: Compiling and implementing M&U plans for the construction of all the pavement layers. | E5: number (No.) | F5: 5 | H5: =F5*G5 -> 0
A7: C5.3.2 | D7: Construction of pavement layers
B9: C5.3.2.1 | D9: Construction of layers using conventional construction methods:
C11: (a) | D11: Lower selected subgrade layer (150mm thick) compacted to 93% of MDD | E11: cubic metre (m3) | F11: 15500 | H11: =F11*G11 -> 0
C13: (c) | D13: Upper selected subgrade layer (150mm thick) compacted to 95% of MDD | E13: cubic metre (m3) | F13: 20800 | H13: =F13*G13 -> 0
C15: (h) | D15: Gravel shoulder layer (125-300mm layer thickness) compacted to 95% of MDD | E15: cubic metre (m3) | F15: 4600 | H15: =F15*G15 -> 0
C17: (i) | D17: Lower subbase gravel layer for Sidewalk (unstabilised) (150mm thick) compacted to 95% of MDD | E17: cubic metre (m3) | F17: =2000*1.15 -> 2300 | H17: =F17*G17 -> 0
C19: (j) | D19: Lower subbase gravel layer (chemically stabilised) (150mm thick) compacted to 95% of MDD | E19: cubic metre (m3) | F19: 1200 | H19: =F19*G19 -> 0
C21: (o) | D21: G5B crushed rock/boulder subbase layer (chemically stabilised) compacted to 97% of MDD
D23: (i) 150mm subbase layer | E23: cubic metre (m3) | F23: 5600 | H23: =F23*G23 -> 0
D25: (ii) 200mm thick subbase | E25: cubic metre (m3) | F25: =16000*1.15 -> 18400 | H25: =F25*G25 -> 0
C27: (aa) | D27: G1 crushed stone base layer (150mm thick) compacted to 88 % of AD | E27: cubic metre (m3) | F27: 15000 | H27: =F27*G27 -> 0
A29: C5.3.9 | D29: Construction of a trial section:
B31: C5.3.9.1 | D31: Construction of a trial section using conventional methods of construction
C33: (b) | D33: Crushed stone subbase layer trial section | H33: =F33*G33 -> 0
D35: (i) C3 Subbase (200mm thick) | E35: cubic metre (m3) | F35: 250 | H35: =F35*G35 -> 0
D37: (ii) C3 subbase (150mm thick) | E37: cubic metre (m3) | F37: 120 | H37: =F37*G37 -> 0
C39: (c) | D39: Crushed stone base layer (layer thickness indicated) trial section | E39: cubic metre (m3) | H39: =F39*G39 -> 0
D41: (i) G1 base (150mm thick) | E41: cubic metre (m3) | F41: 120 | H41: =F41*G41 -> 0
A43: C5.3.10 | D43: Removal of a completed trial section
B45: C5.1.10.1 | D45: Stabilised layer | E45: cubic metre (m3) | F45: 370 | H45: =F45*G45 -> 0
B47: C5.3.10.3 | D47: Crushed stone layer | E47: cubic metre (m3) | F47: 120 | H47: =F47*G47 -> 0
A49: C5.3.11 | D49: Riding quality measurements:
B51: C5.3.11.3 | D51: Using an inertial profilometer | E51: kilometre (km) | F51: 70 | H51: =F51*G51 -> 0
B53: C5.3.11.2 | D53: Using a rolling straight edge | E53: kilometre (km) | F53: 4 | H53: =F53*G53 -> 0
A55: C5.3.12 | D55: Surface regularity payment adjustments | E55: provisional sum | F55: 1 | G55: 184500 | H55: =F55*G55 -> 184500
A65: TOTAL CARRIED FORWARD TO SUMMARY | H65: =SUM(H5:H64) -> 184500

Sheet C5.4
A1: C5.4 | D1: STABILISATION
A2: ITEM | D2: DESCRIPTION | E2: UNIT | F2: QTY | G2: RATE | H2: AMT
A5: C5.4.2 | D5: Chemical stabilisation:
B7: C5.4.2.1 | D7: Chemical stabilisation of pavement layers
C9: (a) | D9: Subbase layer (200mm) | E9: cubic metre (m3) | F9: ='C5.3'!F25 -> 18400 | H9: =F9*G9 -> 0
C11: (b) | D11: Subbase layer (150mm) | E11: cubic metre (m3) | F11: ='C5.3'!F23 -> 5600 | H11: =F11*G11 -> 0
C13: (c) | D13: Upper subbase layer (150mm) | E13: cubic metre (m3) | F13: ='[1]C5.3'!F19 -> 1200 | H13: =F13*G13 -> 0
A15: C5.4.5 | D15: Cementitious stabilisation agents for pavement layers:
B17: C5.4.5.1 | D17: Addition of cementitious stabilisation agents for pavement layers
C19: (a) | D19: Cement (CEM II 32,5)(for pavement layer) | E19: ton (t) | F19: =ROUND((((F9/0.2)*200*2150*3)/100000000)+(((F11/0.15)*150*2150*3)/100000000)+(((F13/0.15)*150*2150*3)/100000000),0) -> 1625 | H19: =F19*G19 -> 0
C21: (b) | D21: Slaked Road Lime (for pavement layer) | E21: ton (t) | F21: 820 | H21: =F21*G21 -> 0
A23: C5.4.10 | D23: Provision and application of water for curing | E23: kilolitre (kℓ) | F23: =((((((F9/0.2)+(F11/0.15)+(F13/0.15))*3.5)*5)/1000)*1.2) -> 2884 | H23: =F23*G23 -> 0
A25: C5.4.11 | D25: Curing by covering with the subsequent layer | E25: square metre (m2) | F25: 210000 | H25: =F25*G25 -> 0
A76: TOTAL CARRIED FORWARD TO SUMMARY | H76: =SUM(H5:H75) -> 0

Sheet C6.2
A1: C6.2 | C1: SEGMENTAL BLOCK PAVING LAYERS
A2: ITEM | C2: DESCRIPTION | D2: UNIT | E2: QTY | F2: RATE | G2: AMT
A5: C6.2.1 | C5: Segmental block paving
B7: C6.2.1.1 | C7: Concrete block paving
B9: (a) | C9: Paving in islands and medians - 25 MPa concrete interlocking pavers, grey((80mm Segment blocks (type S-A) with 20mm bedding sand) | D9: square metre (m2) | E9: 2000 | G9: =E9*F9 -> 0
B11: (b) | C11: Paving in pedestrian walkways (60mm Segment blocks (type S-A) with 20mm bedding sand) | D11: square metre (m2) | E11: 15000 | G11: =E11*F11 -> 0
B13: (c) | C13: Paving in central island of roundabout intersections - (80mm Segment blocks (type S-A) with 20mm bedding sand) | D13: square metre (m2) | E13: 1925 | G13: =E13*F13 -> 0
B15: (d) | C15: Tactile Guidance Paving Blocks (400 x 400 x 60mm, as specified in the drawings) (at pedestrian ramps) | D15: square metre (m2) | E15: 1260 | G15: =E15*F15 -> 0
B17: (e) | C17: Paving in Bus stops (80mm Segment blocks (type S-A) with 20mm bedding sand) | D17: square metre (m2) | E17: 7500 | G17: =E17*F17 -> 0
A19: C6.2.2 | C19: Cast in-situ concrete edge and intermediate beams
B21: (a) | C21: Concrete Apron (C24/30-20) | D21: cubic metre (m3) | E21: 40 | G21: =E21*F21 -> 0
B23: (b) | C23: Concrete edge beams (C20/25-20) | D23: cubic metre (m3) | E23: 200 | G23: =E23*F23 -> 0
A25: PC6.2.5 | C25: Removal and stacking existing segmental paving blocks | D25: square metre (m2) | E25: 800 | G25: =E25*F25 -> 0
A70: TOTAL CARRIED FORWARD TO SUMMARY | G70: =SUM(G9:G69) -> 0

Sheet C8.1
A1: C8.1 | C1: PRIME COAT
A2: ITEM | C2: DESCRIPTION | D2: UNIT | E2: QTY | F2: RATE | G2: AMT
A5: C8.1.1 | C5: Prime coat:
B7: C8.1.1.2 | C7: MC -30 cut-back bitumen | D7: litre (ℓ) | E7: 90000 | G7: =E7*F7 -> 0
B9: C8.1.1.3 | C9: Inverted bitumen emulsion | D9: litre (ℓ) | E9: 90000 | G9: =E9*F9 -> 0
A11: C8.1.2 | C11: Aggregate for blinding:
B13: C8.1.2.1 | C13: Natural sand | D13: cubic metre (m3) | E13: 10 | G13: =E13*F13 -> 0
A15: C8.1.3 | C15: Extra over item C8.1.1 for applying the prime coat accessible only to hand-held or light equipment | D15: litre (ℓ) | E15: 5000 | G15: =E15*F15 -> 0
A77: TOTAL CARRIED FORWARD TO SUMMARY | G77: =SUM(G5:G76) -> 0

Sheet C8.8
A1: C8.8 | D1: PATCHING AND EDGE BREAK REPAIR
A2: ITEM | D2: DESCRIPTION | E2: UNIT | F2: QTY | G2: RATE | H2: AMT
A5: C8.8.1 | D5: Saw cutting pavement layers for patching
B7: C8.8.1.1 | D7: Asphalt or bituminous surfacing to an average depth
C9: (a) | D9: Not exceeding 50mm | E9: metre (m) | F9: 2188 | H9: =F9*G9 -> 0
A11: C8.8.2 | D11: Excavation in existing pavements for patching (non-milling)
B13: C8.8.2.1 | D13: Asphalt layers
C15: (a) | D15: Not exceeding 10 m² including for edge repairs wider than 250mm | E15: cubic metre (m3) | F15: 1 | H15: =F15*G15 -> 0
C17: (b) | D17: Exceeding 10 m² but not exceeding 50 m² including for edge repairs wider than 250mm | E17: cubic metre (m3) | F17: 15 | H17: =F17*G17 -> 0
C19: (c) | D19: Exceeding 50 m² up to 100 m² including for edge repairs wider than 250mm | E19: cubic metre (m3) | F19: 20 | H19: =F19*G19 -> 0
C21: (d) | D21: Exceeding 100 m² | E21: cubic metre (m3) | F21: 45 | H21: =F21*G21 -> 0
A23: C8.8.4 | D23: Backfilling of excavations for patching with:
B25: C8.8.4.3 | D25: Asphalt for a patch with a surface area (PG 64V-16 (EMB) design level II)
C27: (a) | D27: Not exceeding 10 m² including for edge repairs wider than 250mm | E27: ton (t) | F27: 5 | H27: =F27*G27 -> 0
C29: (b) | D29: Exceeding 10 m² but not exceeding 50 m² including for edge repairs wider than 250mm | E29: ton (t) | F29: 40 | H29: =F29*G29 -> 0
C31: (c) | D31: Exceeding 50 m² up to 100 m² including for edge repairs wider than 250mm | E31: ton (t) | F31: 50 | H31: =F31*G31 -> 0
C33: (d) | D33: Exceeding 100 m² | E33: ton (t) | F33: 115 | H33: =F33*G33 -> 0
A70: TOTAL CARRIED FORWARD TO SUMMARY | H70: =SUM(H5:H69) -> 0

Sheet C9.1
A1: C9.1 | D1: ASPHALT LAYERS
A2: ITEM | D2: DESCRIPTION | E2: UNIT | F2: QTY | G2: RATE | H2: AMT
A5: C9.1.1 | D5: Asphalt mix designs
B7: C9.1.1.2 | D7: Sand skeletal mixes:
C9: (a) | D9: Continuously graded base or surfacing:
D11: (i) PG 64V-16 (EMB) design level II | E11: lump sum | F11: 1 | H11: =F11*G11 -> 0
D13: (ii) PG 64V-16 (PMB) design level II | E13: lump sum | F13: 1 | H13: =F13*G13 -> 0
A15: C9.1.2 | D15: Construction of trial sections
B17: C9.1.2.1 | D17: Asphalt layers
C19: (a) | D19: Asphalt layer (Sand skeleton mix, PG 64V-16 (EMB) design level II, 50mm layer thickness, by paver) | E19: square metre (m2) | F19: 750 | H19: =F19*G19 -> 0
C21: (b) | D21: Asphalt layer ( Sand skeleton mix, PG 64V-16 (EMB), 45mm layer thickness, by paver) | E21: square metre (m2) | F21: 700 | H21: =F21*G21 -> 0
C23: (c) | D23: Apshat base (sand skeleton mix,120mm layer thickness,PG 64V-16 (PMB) design level II, by paver)
B25: C9.1.2.2 | D25: Removal of trial section where so instructed by the Engineer | E25: square metre (m2) | F25: 1450 | H25: =F25*G25 -> 0
A27: C9.1.3 | D27: Application of bond coat
B29: C9.1.3.1 | D29: Stable–grade 30% net bitumen emulsion as specified. Applied with a calibrated distributer | E29: litre (ℓ) | F29: 45100 | H29: =F29*G29 -> 0
B31: C9.1.3.2 | D31: Applied in restricted areas using a portable pressure sprayer | E31: litre (ℓ) | F31: 4000 | H31: =F31*G31 -> 0
B33: C9.1.3.3 | D33: Applied by hand using brushes on all exposed transverse and longitudinal construction joints | E33: litre (ℓ) | F33: 1500 | H33: =F33*G33 -> 0
A35: C9.1.4 | D35: Asphalt base
B37: C9.1.4.1 | D37: New Construction
C39: (a) | D39: Sand skeletal mix – continuously graded as defined (120mm layer thickness,PG 64V-16 (PMB) design level II, by paver) | E39: square metre (m2) | F39: 5000 | H39: =F39*G39 -> 0
A41: C9.1.5 | D41: Asphalt surfacing
B43: C9.1.5.1 | D43: New construction
C45: (e) | D45: Sand skeletal mix – continuously graded as defined
D47: (i) 50mm layer thickness, PG 64V-16 (EMB) design level II, by paver | E47: square metre (m2) | F47: 60000 | H47: =F47*G47 -> 0
D49: (ii) 45mm layer thickness, PG 64V-16 (EMB) design level II, by paver | E49: square metre (m2) | F49: 30000 | H49: =F49*G49 -> 0
A51: C9.1.9 | D51: Application of rolled in chippings (10mm nominal size)
B53: C9.1.9.2 | D53: By means of chip spreader | E53: square metre (m2) | F53: =F47 -> 60000 | H53: =F53*G53 -> 0
A55: C9.1.10 | D55: Variation rates
B57: C9.1.10.1 | D57: Bitumen: | H57: =F57*G57 -> 0
C59: (a) | D59: PG 64V-16 (EMB) design level II | E59: ton (t) | H59: Rate Only
C61: (b) | D61: PG 64V-16 (PMB) design level II | E61: ton (t) | H61: Rate Only
A68: CARRIED FORWARD | H68: =SUM(H11:H67) -> 0
A69: BROUGHT FORWARD | H69: =H68 -> 0
B70: C9.1.10.2 | D70: Aggregate | E70: ton (t) | H70: Rate Only
B72: C9.1.10.3 | D72: Active filler (lime unless stated in Contract Documentation) | E72: ton (t) | H72: Rate Only
B74: C9.1.10.5 | D74: Rolled-in chippings | E74: ton (t) | H74: Rate Only
A76: C9.1.13 | D76: Coring of asphalt layers
B78: C9.1.13.1 | D78: 100mm diameter | E78: number (No.) | F78: 50 | H78: =F78*G78 -> 0
A80: C9.1.14 | D80: Surface regularity testing as described in Clause A9.1.8.4
B82: C9.1.14.1 | D82: Establishment of equipment: Inertial laser Profilometer | E82: number (No.) | F82: 2 | H82: =F82*G82 -> 0
B84: C9.1.14.2 | D84: Profiler Surveys utilising equipment as specified - Base layers and surfacing layers | E84: lane kilometre (km) | F84: 70 | H84: =F84*G84 -> 0
A147: TOTAL CARRIED FORWARD TO SUMMARY | H147: =SUM(H69:H146) -> 0

Sheet C11.1
A1: C11.1 | D1: PITCHING, STONEWORK, CAST IN SITU CONCRETE FOR PROTECTION AGAINST EROSION
A2: ITEM | D2: DESCRIPTION | E2: UNIT | F2: QTY | G2: RATE | H2: AMT
A5: C11.1.2 | D5: Stone pitching
B7: C11.1.2.2 | D7: Grouted stone pitching with mortar | E7: square metre (m2) | F7: 250 | H7: =F7*G7 -> 0
A79: TOTAL CARRIED FORWARD TO SUMMARY | H79: =SUM(H5:H78) -> 0

Sheet C11.2
A1: C11.2 | D1: NON-STRUCTURAL GABIONS
A2: ITEM | D2: DESCRIPTION | E2: UNIT | F2: QTY | G2: RATE | H2: AMT
A5: C11.2.1 | D5: Foundation trench excavation:
B7: C11.2.1.1 | D7: Excavating all material situated within the following depth ranges below the surface level
C9: (a) | D9: 0m to 1,5m | E9: cubic metre (m3) | F9: 30 | H9: =F9*G9 -> 0
B11: C11.2.1.2 | D11: Extra over sub-item C11.2.1.1 for excavation in hard material, irrespective of depth | E11: cubic metre (m3) | F11: 4 | H11: =F11*G11 -> 0
A13: C11.2.2 | D13: Surface preparation for bedding the gabion boxes and mattresses | E13: square metre (m2) | F13: 110 | H13: =F13*G13 -> 0
A15: C11.2.3 | D15: Gabion boxes and mattresses:
B17: C11.2.3.1 | D17: Galvanized gabion boxes (2m x 1m x 1m) | E17: cubic metre (m3) | F17: 5 | H17: =F17*G17 -> 0
B19: C11.2.3.3 | D19: Galvanized gabion mattresses (6,0m wide by 2.0m wide; Mesh size: 80mm x 100mm, Wire diameter: 2,7mm, Diaphragm spacing: 1,0m)) | E19: cubic metre (m3) | F19: 25 | H19: =F19*G19 -> 0
A21: C11.2.4 | D21: Geotextile (Non-woven; grade 3) | E21: square metre (m2) | F21: 200 | H21: =F21*G21 -> 0
A74: TOTAL CARRIED FORWARD TO SUMMARY | H74: =SUM(H5:H73) -> 0

Sheet C11.3
A1: C11.3 | B1: GUIDE BLOCKS AND KILOMETRE MARKERS
A2: ITEM | B2: DESCRIPTION | C2: UNIT | D2: QTY | E2: RATE | F2: AMT
A5: C11.3.2 | B5: Kilometre markers | C5: number (No.) | D5: 32 | F5: =D5*E5 -> 0
A80: TOTAL CARRIED FORWARD TO SUMMARY | F80: =SUM(F5:F79) -> 0

Sheet C11.5
A1: C11.5 | E1: FENCING
A2: ITEM | E2: DESCRIPTION | F2: UNIT | G2: QTY | H2: RATE | I2: AMT
A5: C11.5.1 | E5: Supply and erect new fencing material for new fences and for supplementing material in existing fences which are being repaired or removed:
B7: C11.5.1.1 | E7: Zinc-coated barbed wire (High-tensile-grade, single-strand 3,15mm x 2,50mm oval-shaped wire, fully galvanised)SABS 675 | F7: kilometre (km) | G7: 20 | I7: =G7*H7 -> 0
B9: C11.5.1.7 | E9: Standards (1,86m x 2,5 kg/m mild steel Y section) | F9: number (No.) | G9: 190 | I9: =G9*H9 -> 0
B11: C11.5.1.8 | E11: Droppers (1,4m x 0,56 kg/m mild steel ridge back section) | F11: number (No.) | G11: 850 | I11: =G11*H11 -> 0
B13: C11.5.1.9 | E13: Straining posts, stays and anchors:
C15: (a) | E15: Vertical
D17: (i) | E17: Steel straining posts (2130mm x 100mm Dia. x 3mm Mild steel tubing with steel end cap and 230mm x 230mm x 3mm base plate, fully galvanised ) | F17: number (No.) | G17: 105 | I17: =G17*H17 -> 0
C19: (b) | E19: Inclined
D21: (i) | E21: Steel stays and anchors (1.69m in length) | F21: number (No.) | G21: 150 | I21: =G21*H21 -> 0
C23: (c) | E23: Horizontal
D25: (i) | E25: Steel stays and anchors (2m braces at gates) | F25: number (No.) | G25: 32 | I25: =G25*H25 -> 0
A27: C11.5.2 | E27: New gates | I27: =G27*H27 -> 0
C29: (a) | E29: 3.85 x 1.255m vehicle access gates | F29: number (No.) | G29: 6 | I29: =G29*H29 -> 0
C31: (b) | E31: 2.15 x 1.255m pedestrian gates | F31: number (No.) | G31: 4 | I31: =G31*H31 -> 0
A33: C11.5.3 | E33: Moving existing fences and gates:
C35: (d) | E35: Security Fences to new property boundary in agremeent with owner | F35: kilometre (km) | G35: 0.8 | I35: =G35*H35 -> 0
B37: C11.5.3.2 | E37: Gates
C39: (a) | E39: Existing gates to new access in agremeent with owner | F39: number (No.) | G39: 12 | I39: =G39*H39 -> 0
A41: C11.5.4 | E41: Dismantling existing fences and gates:
B43: C11.5.4.1 | E43: Fences:
C45: (a) | E45: Stock-proof fences | F45: kilometre (km) | G45: 1.5 | I45: =G45*H45 -> 0
C46: (b) | E46: Vermin-proof fences | F46: kilometre (km) | I46: =G46*H46 -> 0
C47: (c) | E47: Pedestrian fences | F47: kilometre (km) | I47: =G47*H47 -> 0
C48: (d) | E48: Security fences | F48: kilometre (km) | I48: =G48*H48 -> 0
C49: (e) | E49: Game fences | F49: kilometre (km) | I49: =G49*H49 -> 0
B50: C11.5.4.2 | E50: Gates (type and size indicated) | F50: number (No.) | I50: =G50*H50 -> 0
A51: C11.5.5 | E51: Providing temporary fences and gates:
B52: C11.5.5.1 | E52: Stock-proof fence | F52: kilometre (km) | I52: =G52*H52 -> 0
B53: C11.5.5.2 | E53: Vermin-proof fence | F53: kilometre (km) | I53: =G53*H53 -> 0
B54: C11.5.5.3 | E54: Pedestrian fence | F54: kilometre (km) | I54: =G54*H54 -> 0
B55: C11.5.5.4 | E55: Game fences | F55: kilometre (km) | I55: =G55*H55 -> 0
B56: C11.5.5.5 | E56: Temporary gates (type and size indicated) | F56: number (No.) | I56: =G56*H56 -> 0
A57: C11.5.6 | E57: Ringbolts for anchoring fencing to structures | F57: number (No.) | I57: =G57*H57 -> 0
A58: C11.5.7 | E58: Drilling and blasting holes for posts and anchors | F58: number (No.) | I58: =G58*H58 -> 0
A59: C11.5.8 | E59: Posts fixed horizontally to the bottom of wire mesh for the closing of openings under fences:
B60: C11.5.8.1 | E60: Timber posts (diameter indicated) | F60: metre (m) | I60: =G60*H60 -> 0
B61: C11.5.8.2 | E61: Mild steel pipes (diameter and wall thickness indicated) | F61: metre (m) | I61: =G61*H61 -> 0
A62: C11.5.9 | E62: Repairing existing fences (type indicated) | F62: kilometre (km) | I62: =G62*H62 -> 0
A64: C11.5.10 | E64: Disposal of existing fencing materials
B66: C11.5.10.1 | E66: Stock-proof fences | F66: kilometre (km) | G66: 1.5 | I66: =G66*H66 -> 0
B67: C11.5.10.2 | E67: … etc. (type indicated) | F67: kilometre (km) | I67: =G67*H67 -> 0
B68: C11.5.10.3 | E68: … etc. (type indicated) | F68: kilometre (km) | I68: =G68*H68 -> 0
B69: C11.5.10.4 | E69: … etc. (type indicated) | F69: kilometre (km) | I69: =G69*H69 -> 0
B70: C11.5.10.5 | E70: … etc. (type indicated) | F70: kilometre (km) | I70: =G70*H70 -> 0
B72: C11.5.10.6 | E72: Gates (vehcicle and pedestrian gates) | F72: number (No.) | G72: 10 | I72: =G72*H72 -> 0
A90: TOTAL CARRIED FORWARD TO SUMMARY | I90: =SUM(I5:I89) -> 0

Sheet C11.6
A1: C11.6 | D1: ROAD SIGNS
A2: ITEM | D2: DESCRIPTION | E2: UNIT | F2: QTY | G2: RATE | H2: AMT
A5: C11.6.1 | D5: Road signboards with painted or coloured semi-matt background. Symbols, lettering and borders in semi- matt black or in Class I retro-reflective material, where the sign board is constructed from:
B7: C11.6.1.3 | D7: Prepainted galvanized steel plate:
C9: (c) | D9: Area exceeding 2.0 m2 but not 10 m2 | E9: square metre (m2) | F9: 100 | H9: =F9*G9 -> 0
C11: (d) | D11: Area exceeding 10 m2 | E11: square metre (m2) | F11: 40 | H11: =F11*G11 -> 0
B13: C11.6.1.4 | D13: Prepainted galvanized steel profiles (200mm high panels):
C15: (c) | D15: Area exceeding 2.0 m2 but not 10 m2 | E15: square metre (m2) | F15: 50 | H15: =F15*G15 -> 0
C17: (d) | D17: Area exceeding 10 m2 | E17: square metre (m2) | F17: 15 | H17: =F17*G17 -> 0
B18: C11.6.1.5 | D18: Other material (details indicated):
C19: (a) | D19: Area 0 to 0,5 m2 | E19: month | F19: 15 | H19: =F19*G19 -> 0
C20: (b) | D20: Area exceeding 0,5 m2 but not 2,0 m2 | E20: square metre (m2) | H20: =F20*G20 -> 0
C21: (c) | D21: Area exceeding 2,0 m2 but not 10 m2 | E21: square metre (m2) | H21: =F21*G21 -> 0
C22: (d) | D22: Area exceeding 10 m2 | E22: square metre (m2) | H22: =F22*G22 -> 0
B23: C11.6.1.6 | D23: Extra over items C11.6.1.1 to C11.6.1.4 for attaching signboards to overhead gantry structures and overhead to bridges | E23: square metre (m2) | H23: =F23*G23 -> 0
B24: C11.6.1.7 | D24: Regulatory signs, permanent
C26: (b) | D26: 900mm diameter (refer to South African Road Traffic Signs Manual (SARTSM)) | E26: number (No.) | F26: 50 | H26: =F26*G26 -> 0
B28: C11.6.1.8 | D28: Regulatory signs, temporary
C30: (b) | D30: 900mm diameter ( refer to South African Road Traffic Signs Manual (SARTSM)) Background Class 3 | E30: number (No.) | F30: 20 | H30: =F30*G30 -> 0
B32: C11.6.1.10 | D32: Warning signs, temporary
C34: (c) | D34: 1200mm size (refer to South African Road Traffic Signs Manual (SARTSM)) (Class III) | E34: number (No.) | F34: 50 | H34: =F34*G34 -> 0
B36: C11.6.1.12 | D36: Supplementary plates to temporary regulatory or warning signs (signboard material, background and symbol retro-reflective class indicated)(Class III) | E36: square metre (m2) | F36: 20 | H36: =F36*G36 -> 0
A38: C11.6.2 | D38: Extra over on item C11.6.1 for using:
B40: C11.6.2.1 | D40: Background of retro-reflective material:
C42: (b) | D42: Class III | E42: square metre (m2) | F42: 140 | H42: =F42*G42 -> 0
B44: C11.6.2.2 | D44: Lettering, symbols, numbers, arrows, emblems and borders of retro-reflective material:
C46: (a) | D46: Class III | E46: square metre (m2) | F46: 40 | H46: =F46*G46 -> 0
C48: (b) | D48: Class IV specify a) or b) | E48: square metre (m2) | F48: 50 | H48: =F48*G48 -> 0
A50: C11.6.3 | D50: Road sign supports (overhead road sign structures excluded):
B52: C11.6.3.1 | D52: Steel tubing | E52: ton (t) | F52: 5 | H52: =F52*G52 -> 0
B54: C11.6.3.2 | D54: Timber Supports
D56: (a) Timber (100mm dia.) | E56: metre (m) | F56: 220 | H56: =F56*G56 -> 0
D58: (b) Timber (150mm dia.) | E58: metre (m) | F58: 300 | H58: =F58*G58 -> 0
A59: C11.6.5 | D59: Excavation and backfilling for road sign supports (not applicable to kilometre posts)
B61: C11.6.5.1 | D61: Excavating soft material and backfilling | E61: cubic metre (m3) | F61: 100 | H61: =F61*G61 -> 0
B63: C11.6.5.3 | D63: Extra over item C11.6.5.1 and C11.6.5.2 for cement-treated soil backfill | E63: cubic metre (m3) | F63: 100 | H63: =F63*G63 -> 0
B65: C11.6.5.4 | D65: Extra over item C11.6.5.1 for hard material excavation | E65: cubic metre (m3) | F65: 33.3 | H65: =F65*G65 -> 0
B67: CARRIED FORWARD | H67: =SUM(H9:H65) -> 0
B68: BROUGHT FORWARD | H68: =H67 -> 0
A70: C11.6.7 | D70: Dismantling and storing of road signs and overhead signs
B72: C11.6.7.1 | D72: Dismantling and storing of road signs with a surface area of:
C73: (a) | D73: Area 0 to 0,5 m2 | E73: square metre (m2) | H73: =F73*G73 -> 0
C74: (b) | D74: Area exceeding 0,5 m2 but not 2,0 m2 | E74: square metre (m2) | H74: =F74*G74 -> 0
C76: (c) | D76: Exceeding 2.0 m2 but not 10 m2 | E76: square metre (m2) | F76: 10 | H76: =F76*G76 -> 0
C78: (d) | D78: Exceeding 10 m2 | E78: square metre (m2) | F78: 30 | H78: =F78*G78 -> 0
A80: C11.6.8 | D80: Danger plates at culverts/structures
B82: C11.6.8.1 | D82: (a) Size 200 x 800mm | E82: number (No.) | F82: 20 | H82: =F82*G82 -> 0
D84: (b) Size 300 x 1200mm | E84: number (No.) | F84: 4 | H84: =F84*G84 -> 0
A86: C11.6.9 | D86: Installation of traffic signals
B88: C11.6.9.1 | D88: Specialist installation of traffic signals | E88: prime cost (PC) sum | F88: 4 | G88: 1500000 | H88: =F88*G88 -> 6000000
B90: C11.6.9.2 | D90: Handling cost, profit and all other charges of sub item C11.6.9.1 | E90: percentage (%) | F90: =H88 -> 6000000 | H90: =F90*G90 -> 0
A92: C11.6.10 | D92: Disposing of road signs with a surface area of:
B93: C11.6.10.1 | D93: Area 0 to 0,5 m2 | E93: square metre (m2) | F93: 10 | H93: =F93*G93 -> 0
B94: C11.6.10.2 | D94: Area exceeding 0,5 m2 but not 2,0 m2 | E94: square metre (m2) | F94: 10 | H94: =F94*G94 -> 0
B96: C11.6.10.3 | D96: Exceeding 2.0 m2 but not 10 m2 | E96: square metre (m2) | F96: 10 | H96: =F96*G96 -> 0
B98: C11.6.10.4 | D98: Exceeding 10 m2 | E98: square metre (m2) | F98: 30 | H98: =F98*G98 -> 0
A143: TOTAL CARRIED FORWARD TO SUMMARY | H143: =SUM(H68:H142) -> 6000000

Sheet C11.7
A1: C11.7 | C1: ROAD MARKINGS AND ROAD STUDS
A2: ITEM | C2: DESCRIPTION | D2: UNIT | E2: QTY | F2: RATE | G2: AMT
A3: C11.7.2 | C3: Retro-reflective road marking:
B5: C11.7.2.1 | C5: White lines broken or unbroken (Acrylic Solvent with embedded glass beads)
C7: (a) 150 mm wide | D7: kilometre (km) | E7: 19 | G7: =E7*F7 -> 0
C9: (b) 200 mm wide | D9: kilometre (km) | E9: 1 | G9: =E9*F9 -> 0
C11: (c) 300 mm wide | D11: kilometre (km) | E11: 0.4 | G11: =E11*F11 -> 0
B13: C11.7.2.2 | C13: Yellow lines broken or unbroken (Acrylic Solvent with embedded glass beads)
C15: (a) 150 mm wide | D15: kilometre (km) | E15: 9.2 | G15: =E15*F15 -> 0
A17: C11.7.3 | C17: Thermoplastic road marking
B19: C11.7.3.1 | C19: White lines broken or unbroken
C21: (a) 150 mm wide | D21: kilometre (km) | E21: 19 | G21: =E21*F21 -> 0
C23: (b) 200 mm wide | D23: kilometre (km) | E23: 1 | G23: =E23*F23 -> 0
C25: (c) 300 mm wide | D25: kilometre (km) | E25: 0.4 | G25: =E25*F25 -> 0
B27: C11.7.3.2 | C27: Yellow lines broken or unbroken
C29: (a) 150 mm wide | D29: kilometre (km) | E29: 9.2 | G29: =E29*F29 -> 0
A31: C11.7.4 | C31: Cold plastic road marking material
B33: C11.7.4.1 | C33: White lettering and symbols | D33: square metre (m2) | E33: 360 | G33: =E33*F33 -> 0
B35: C11.7.4.2 | C35: Yellow lettering and symbols | D35: square metre (m2) | E35: 83 | G35: =E35*F35 -> 0
B36: C11.7.4.3 | C36: Red lettering and symbols | D36: square metre (m2) | G36: =E36*F36 -> 0
B38: C11.7.4.4 | C38: Transverse lines, painted island and arrestor bed markings (any colour) | D38: square metre (m2) | E38: 240 | G38: =E38*F38 -> 0
A40: C11.7.5 | C40: Variations in rate of application:
B42: C11.7.5.1 | C42: White paint | D42: litre (ℓ) | E42: 1 | G42: Rate Only
B44: C11.7.5.2 | C44: Yellow paint | D44: litre (ℓ) | E44: 1 | G44: Rate Only
B45: C11.7.5.3 | C45: Red paint | D45: litre (ℓ) | G45: =E45*F45 -> 0
B47: C11.7.5.4 | C47: Retro-reflective beads | D47: kilogram (kg) | E47: 1 | G47: Rate Only
B48: C11.7.5.5 | C48: Thermoplastic material, all colours | D48: kilogram (kg) | G48: =E48*F48 -> 0
B49: C11.7.5.6 | C49: Cold plastic marking material, all colours | D49: kilogram (kg) | G49: =E49*F49 -> 0
A50: C11.7.6 | C50: Pre formed road marking tape
B51: C11.7.6.1 | C51: White (specify width) | D51: metre (m) | G51: =E51*F51 -> 0
B52: C11.7.6.2 | C52: Yellow (specify width) | D52: metre (m) | G52: =E52*F52 -> 0
B53: C11.7.6.3 | C53: Red (specify width) | D53: metre (m) | G53: =E53*F53 -> 0
B55: C11.7.5.6 | C55: Cold plastic marking material, all colours | D55: kilogram (kg) | E55: 1 | G55: Rate Only
A57: C11.7.7 | C57: Road studs
B58: C11.7.7.1 | C58: Permanent road studs compliant to SANS 1442 (white/red engineering grade retroreflective) | D58: number (No.) | E58: 400 | G58: =E58*F58 -> 0
B60: C11.7.7.2 | C60: Permanent road studs compliant to SANS 1463 (yellow/red engineering grade retroreflective) | D60: number (No.) | E60: 160 | G60: =E60*F60 -> 0
B62: C11.7.7.5 | C62: Provision of temporary and permanent road studs | D62: provisional sum | E62: 1 | F62: 50000 | G62: =E62*F62 -> 50000
B64: C11.7.7.6 | C64: Handling cost, profit and all other charges of sub item C11.7.7.5 | D64: percentage (%) | E64: =G62 -> 50000 | G64: =E64*F64 -> 0
B66: C11.7.7.7 | C66: Installation only of surface bonded road studs with anchor shanks | D66: number (No.) | E66: 560 | G66: =E66*F66 -> 0
A68: C11.7.8 | C68: Setting out and premarking the lines (excluding traffic island markings, lettering and symbols) | D68: kilometre (km) | E68: 14.8 | G68: =E68*F68 -> 0
A70: C11.7.9 | C70: Re-establishing the painting unit during the defects notification period and at other instances on instruction of the Engineer | D70: number (No.) | E70: 1 | G70: =E70*F70 -> 0
A72: C11.7.10 | C72: Removal of existing, temporary or final road markings by:
B74: C11.7.10.2 | C74: Water-jetting | D74: square metre (m2) | E74: 100 | G74: =E74*F74 -> 0
A75: TOTAL CARRIED FORWARD TO SUMMARY | G75: =SUM(G3:G74) -> 50000

Sheet C11.8
A1: C11.8 | D1: LANDSCAPING AND PLANTING PLANTS
A2: ITEM | D2: DESCRIPTION | E2: UNIT | F2: QTY | G2: RATE | H2: AMT
A5: C11.8.1 | D5: Trimming:
B7: C11.8.1.1 | D7: Machine trimming | E7: square metre (m2) | F7: 34500 | H7: =F7*G7 -> 0
B9: C11.8.1.2 | D9: Hand trimming | E9: square metre (m2) | F9: 10000 | H9: =F9*G9 -> 0
A11: C11.8.2 | D11: Trimming using machines for trimming or shaping (alternative to subitem C11.8.1.1):
A12: C11.8.3 | D12: Preparing the areas for grassing:
B14: C11.8.3.1 | D14: Ripping | E14: hectare (ha) | F14: 0.5 | H14: =F14*G14 -> 0
B16: C11.8.3.2 | D16: Scarifying for loosening topsoil | E16: hectare (ha) | F16: 0.5 | H16: =F16*G16 -> 0
B18: C11.8.3.3 | D18: Topsoiling within the road reserve where the following materials are used:
C20: (a) | D20: Topsoil obtained from within the road reserve or borrow areas | E20: cubic metre (m3) | F20: 7000 | H20: =F20*G20 -> 0
B22: C11.8.3.5 | D22: Providing and applying chemical fertilisers and/or soil-improvement material:
C24: (b) | D24: Superphosphate | E24: ton (t) | F24: 34 | H24: =F24*G24 -> 0
C26: (c) | D26: Limestone ammonium nitrate | E26: ton (t) | F26: 22 | H26: =F26*G26 -> 0
C28: (d) | D28: 2:3:2 (22) | E28: ton (t) | F28: 22 | H28: =F28*G28 -> 0
C30: (e) | D30: 3:2:1 (25) | E30: ton (t) | F30: 22 | H30: =F30*G30 -> 0
A32: C11.8.4 | D32: Grassing
B34: C11.8.4.2 | D34: Sodding by using the following types of sods:
C36: (a) | D36: Nursery sods (kikuyu) | E36: square metre (m2) | F36: 16400 | H36: =F36*G36 -> 0
B38: C11.8.4.3 | D38: Hydroseeding:
C40: (a) | D40: Providing an approved seed mixture for hydroseeding | E40: kilogram (kg) | F40: 3400 | H40: =F40*G40 -> 0
C42: (b) | D42: Providing an approved mulch | E42: kilogram (kg) | F42: 20800 | H42: =F42*G42 -> 0
C44: (c) | D44: Hydroseeding | E44: hectare (ha) | F44: 83 | H44: =F44*G44 -> 0
A46: C11.8.8 | D46: Anti-erosion compound or hydraulic mulches | E46: kilogram (kg) | F46: 2200 | H46: =F46*G46 -> 0
A48: C11.8.9 | D48: Trees and shrubs:
B50: C11.8.9.1 | D50: Providing trees and shrubs
C52: (a) | D52: Trees (Endemic species listed on the landscaping drawings, at least 2m in height) | E52: number (No.) | F52: 350 | H52: =F52*G52 -> 0
C54: (b) | D54: Shrubs (Portulacaria Afra or endemic variety, at least 25cm in height) | E54: number (No.) | F54: 3500 | H54: =F54*G54 -> 0
B56: C11.8.9.2 | D56: Planting and establishing:
C58: (a) | D58: Trees, all types and sizes | E58: number (No.) | F58: 350 | H58: =F58*G58 -> 0
C60: (b) | D60: Shrubs, all types and sizes | E60: number (No.) | F60: 3500 | H60: =F60*G60 -> 0
A62: C11.8.10 | D62: Unspecified work for landscaping | E62: provisional sum | F62: 1 | G62: 50000 | H62: =F62*G62 -> 50000
A64: C11.8.12 | D64: Removal of undesirable vegetation | E64: square metre (m2) | F64: 5000 | H64: =F64*G64 -> 0
A71: TOTAL CARRIED FORWARD TO SUMMARY | H71: =SUM(H5:H70) -> 50000

Sheet C11.9
A1: C11.9 | C1: FINISHING THE ROAD AND ROAD RESERVE AND TREATING OLD ROADS
A2: ITEM | C2: DESCRIPTION | D2: UNIT | E2: QTY | F2: RATE | G2: AMT
A5: C11.9.1 | C5: Finishing the road and road reserve:
B7: C11.9.1.1 | C7: Dual carriageway road | D7: kilometre (km) | E7: 4 | G7: =E7*F7 -> 0
B9: C11.9.1.2 | C9: Single carriageway road | D9: kilometre (km) | E9: 8 | G9: =E9*F9 -> 0
A10: C11.9.2 | C10: Treatment of old roads and temporary deviations
B11: C11.9.2.1 | C11: Conventional construction methods | D11: kilometre (km) | G11: =E11*F11 -> 0
B12: C11.9.2.2 | C12: By hand only | D12: kilometre (km) | G12: =E12*F12 -> 0
A83: TOTAL CARRIED FORWARD TO SUMMARY | G83: =SUM(G5:G82) -> 0

Sheet C20.1
A1: C20.1 | F1: TESTING MATERIALS AND JUDGEMENT OF WORKMANSHIP
A2: ITEM | E2: DESCRIPTION | F2: UNIT | G2: QTY | H2: RATE | I2: AMT
A5: C20.1.2 | E5: Special tests requested by the Engineer
B8: C20.1.2.2 | E8: Employer’s contribution to other special tests
C10: (a) | E10: Other tests required by the engineer | F10: prime cost (PC) sum | G10: 1 | H10: 250000 | I10: =G10*H10 -> 250000
D12: (i) | E12: Handling costs and profit in respect of item C20.1.2.2(a) | F12: percentage (%) | G12: =I10 -> 250000 | I12: =G12*H12 -> 0
A14: PC20.1.5 | E14: Financial contribution for an independent site laboratory | F14: month | G14: 15 | I14: =G14*H14 -> 0
A16: PC20.1.6 | E16: Payment of independent site laboratory
B18: C20.1.6.1 | E18: Direct payment by contractor | F18: prime cost (PC) sum | G18: 1 | H18: 5000000 | I18: =G18*H18 -> 5000000
C20: (a) | E20: Handling cost and profit in respect of item PC20.1.6.1 | F20: percentage (%) | G20: =H18 -> 5000000 | I20: =G20*H20 -> 0
A78: TOTAL CARRIED FORWARD TO SUMMARY | I78: =SUM(I5:I22) -> 5250000

Sheet Sect D - D1000
A1: SECTION D - D1000 | E1: TRAINING, COACHING, GUIDANCE, MENTORING AND ASSISTANCE
A2: ITEM | D2: DESCRIPTION | E2: UNIT | F2: QTY | G2: RATE | H2: AMT
A4: D10.01 | D4: Target Group Participation
B6: (a) | D6: Contract Participation Performance bonus | E6: prime cost (PC) sum | F6: 1 | G6: 1720000 | H6: =F6*G6 -> 1720000
A8: D10.02 | D8: Stakeholder and Community Liaison and Social Facilitation
B10: (a) | D10: Cost of liaison, social facilitation and PLC support | E10: prime cost (PC) sum | F10: 1 | G10: 500000 | H10: =F10*G10 -> 500000
B12: (b) | D12: Handling cost and profit in respect of sub-item D10.02(a) | E12: percentage (%) | F12: =H10 -> 500000 | H12: =F12*G12 -> 0
A14: D10.03 | D14: Tender Process for Targeted Enterprises
B16: (a) | D16: Contractor’s charge for the management and execution of the Targeted Enterprise procurement process:
C18: (i) | D18: Procurement process for the totality of all tenders concluded for the appointment of Targeted Enterprise subcontractors of CIDB 1 and 2 contractor grading | E18: number (No.) | F18: 10 | H18: =F18*G18 -> 0
C20: (ii) | D20: Procurement process for the totality of all tenders concluded for the appointment of Targeted Enterprise subcontractors of CIDB 3 and 4 contractor grading | E20: number (No.) | F20: 5 | H20: =F20*G20 -> 0
C22: (iii) | D22: Procurement process for the totality of all tenders concluded for the appointment of Targeted Enterprise subcontractors of CIDB 5 and higher contractor grading | E22: number (No.) | F22: 5 | H22: =F22*G22 -> 0
C24: (iv) | D24: Procurement process for the totality of all tenders concluded for the appointment of Targeted Enterprise suppliers | E24: number (No.) | F24: 10 | H24: =F24*G24 -> 0
B26: (b) | D26: Targeted Enterprise Procurement Coordinator | E26: month | F26: 15 | H26: =F26*G26 -> 0
A28: D10.04 | D28: Responsibilities of the Contractor towards Targeted Enterprises
B30: (a) | D30: Contractor’s establishment, management, management support, assistance, coaching, guidance, mentoring and supervision of Targeted Enterprises | E30: month | F30: 15 | H30: =F30*G30 -> 0
B32: (b) | D32: Targeted Enterprise Construction Manager | E32: Person.Month | F32: 15 | H32: =F32*G32 -> 0
B34: (c) | D34: Targeted Enterprise Site Supervisors | E34: Person.Month | F34: 30 | H34: =F34*G34 -> 0
A36: D10.05 | D36: Construction Works by Targeted Enterprises
B38: (a) | D38: Payments associated with the construction works carried out by Targeted Enterprise subcontractors of CIDB 1 and 2 contractor grading designation appointed in terms of Section D | E38: provisional sum | F38: 1 | G38: 5000000 | H38: =F38*G38 -> 5000000
B40: (b) | D40: Handling costs and profit in respect of payment associated with sub-item D10.05(a) | E40: percentage (%) | F40: =H38 -> 5000000 | H40: =F40*G40 -> 0
B42: (c) | D42: Fluctuation between the main contractor’s rates and that of the Targeted Enterprise subcontractors | E42: lump sum | F42: 1 | H42: =F42*G42 -> 0
B44: (d) | D44: Preliminary and General Obligations of Targeted Enterprise sub-contractors appointed in terms of Section D | E44: lump sum | F44: 1 | H44: =F44*G44 -> 0
B49: CARRIED FORWARD | H49: =SUM(H5:H44) -> 7220000
B50: BROUGHT FORWARD | H50: =H49 -> 7220000
A51: D10.06 | D51: Training, coaching, guidance, mentoring and assistance
B53: (a) | D53: Training Costs
C55: (ii) | D55: Accredited generic skills training | E55: provisional sum | F55: 1 | G55: 300000 | H55: =F55*G55 -> 300000
C57: (iii) | D57: Community skills training | E57: provisional sum | F57: 1 | G57: 300000 | H57: =F57*G57 -> 300000
C59: (iv) | D59: Handling cost and profit in respect of subitems D10.06(a)(i), (ii) and (iii) | E59: percentage (%) | F59: =+H55+H57 -> 600000 | H59: =F59*G59 -> 0
B61: (c) | D61: Other costs during training | E61: provisional sum | F61: 1 | G61: 500000 | H61: =F61*G61 -> 500000
B63: (d) | D63: Training venue | E63: lump sum | F63: 1 | H63: =F63*G63 -> 0
A65: D10.07 | D65: Community Development Component
A67: D10.07.01 | D67: Contractor’s Personnel
B69: (a) | D69: Contractor’s Training Staff
C71: (i) | D71: Training Provider | E71: lump sum | F71: 1 | H71: =F71*G71 -> 0
C73: (ii) | D73: Practitioners | E73: lump sum | F73: 1 | H73: =F73*G73 -> 0
C75: (iii) | D75: Assessors | E75: lump sum | F75: 1 | H75: =F75*G75 -> 0
C77: (iv) | D77: Moderators | E77: lump sum | F77: 1 | H77: =F77*G77 -> 0
B79: (b) | D79: Contractor’s Construction Management Staff
C81: (i) | D81: Construction Manager | E81: lump sum | F81: 1 | H81: =F81*G81 -> 0
C83: (ii) | D83: Construction Mentors | E83: lump sum | F83: 1 | H83: =F83*G83 -> 0
C85: (iii) | D85: Construction Supervisors | E85: lump sum | F85: 1 | H85: =F85*G85 -> 0
C87: (iv) | D87: Clerk of Works | E87: lump sum | F87: 1 | H87: =F87*G87 -> 0
A89: D10.07.02 | D89: Contractor’s Training Facility and Establishment of Staff
B91: (a) | D91: Providing a Training Facility | E91: lump sum | F91: 1 | H91: =F91*G91 -> 0
B93: (b) | D93: Establishment of the Contractor’s Training Staff for all CD component phases, including PPE | E93: lump sum | F93: 1 | H93: =F93*G93 -> 0
B95: (c) | D95: Establishment of the Contractor’s Construction Management Staff during the Training phases of the CD component, including PPE | E95: lump sum | F95: 1 | H95: =F95*G95 -> 0
A97: D10.07.03 | D97: Training and Skills Dvelopment Programme
B99: (a) | D99: Resources Audit Chapter | E99: lump sum | F99: 1 | H99: =F99*G99 -> 0
B101: (b) | D101: Skills Audit Chapter | E101: lump sum | F101: 1 | H101: =F101*G101 -> 0
B103: (c) | D103: Market Analysis Chapter | E103: lump sum | F103: 1 | H103: =F103*G103 -> 0
B105: (d) | D105: Approved Training and Skills Development Programme for the CD component | E105: lump sum | F105: 1 | H105: =F105*G105 -> 0
A107: D10.07.04 | D107: Training Provisions
B109: (a) | D109: Training for Trainee Targeted Enterprises
C111: (i) | D111: NQF Level 2 training | E111: Trainee Credit | F111: =8*120*3*1.1 -> 3168 | H111: =F111*G111 -> 0
C113: (ii) | D113: NQF Level 3 training | E113: Trainee Credit | F113: =150*8*1.1 -> 1320 | H113: =F113*G113 -> 0
C115: (iii) | D115: NQF Level 4 training | E115: Trainee Credit | F115: =8*180*1.1 -> 1584 | H115: =F115*G115 -> 0
C117: (iv) | D117: NQF Level 5 training | E117: Trainee Credit | F117: =4*210*1.1 -> 924 | H117: =F117*G117 -> 0
B119: (b) | C119: (i) | D119: Targeted Labour | E119: provisional sum | F119: 1 | G119: 200000 | H119: =F119*G119 -> 200000
C121: (ii) | D121: Handling cost and profit i.r.o. item D10.07.04(b)(i) | E121: percentage (%) | F121: =H119 -> 200000 | H121: =F121*G121 -> 0
B126: CARRIED FORWARD | H126: =SUM(H50:H121) -> 8520000
B127: BROUGHT FORWARD | H127: =H126 -> 8520000
A128: D10.07.05 | D128: Theoretical (Classroom) Training
B130: (a) | D130: Registration of Trainees | E130: lump sum | F130: 1 | H130: =F130*G130 -> 0
B132: (b) | D132: Induction of Trainees | E132: lump sum | F132: 1 | H132: =F132*G132 -> 0
B134: (c) | D134: Stationery and Learning Aids | E134: lump sum | F134: 1 | H134: =F134*G134 -> 0
B136: (d) | D136: Learning Material, Workbooks and Logbooks | E136: lump sum | F136: 1 | H136: =F136*G136 -> 0
B138: (e) | D138: Contract and Specification Documents | E138: lump sum | F138: 1 | H138: =F138*G138 -> 0
A140: D10.07.06 | D140: Practical (Workplace) Training | E140: lump sum | F140: 1 | H140: =F140*G140 -> 0
A142: D10.07.07 | D142: Contractor’s Responsibilities Towards Trainees
B144: (a) | C144: (i) | D144: Trainee Sustenence | E144: prime cost (PC) sum | F144: 1 | G144: 400000 | H144: =F144*G144 -> 400000
C146: (ii) | D146: Handling cost and profit i.r.o. item D10.07.07(a)(i) | E146: percentage (%) | F146: =G144 -> 400000 | H146: =F146*G146 -> 0
B148: (b) | C148: (i) | D148: Trainee Stipends | E148: prime cost (PC) sum | F148: 1 | G148: 150000 | H148: =F148*G148 -> 150000
C150: (ii) | D150: Handling cost and profit i.r.o. item D10.07.07(b)(i) | E150: percentage (%) | F150: =G148 -> 150000 | H150: =F150*G150 -> 0
A152: D10.07.08 | D152: Construction Simulation Phase | E152: lump sum | F152: 1 | H152: =F152*G152 -> 0
A154: D10.07.09 | D154: Construction Management Phase | E154: lump sum | F154: 1 | H154: =F154*G154 -> 0
A208: TOTAL CARRIED FORWARD TO SUMMARY | H208: =SUM(H127:H207)-5000000 -> 4070000
D211: Community Development Project D10.07 in doc

Sheet Sec F- Electrical
B2: THE UPGRADING OF NATIONAL ROAD R33 SECTION 13 IN VAALWATER TOWN (KM 60.8 TO KM 63.0): ROAD LIGHTING COST ESTIMATE
B4: PRICING SCHEDULE F:
B5: ITEM | C5: DESCRIPTION | D5: UNIT | E5: QTY | F5: RATE | G5: AMOUNT
C7: SECTION F.1
B9: F.1 | C9: GENERAL ITEMS: ELECTRICAL
B11: 1.01 | C11: Site establishment and management (electrical) | D11: L/Sum | E11: 1 | G11: =F11*$E11 -> 0
B13: =B11+0.01 -> 1.02 | C13: Handing Over Documentation | D13: L/Sum | E13: 1 | G13: =F13*$E13 -> 0
B15: =B13+0.01 -> 1.03 | C15: Security of the Works & Installation | D15: Month | E15: 8 | G15: =F15*$E15 -> 0
B17: =B15+0.01 -> 1.04 | C17: Soil thermal resistivity survey | D17: No | E17: 4 | G17: =F17*$E17 -> 0
B19: =B17+0.01 -> 1.05 | C19: Testing and Commissioning of the complete Electrical Installation | D19: No | E19: 7
B21: =B19+0.01 -> 1.06 | C21: Issuing of Certificate of Compliance for the complete Electrical Installation | D21: No | E21: 7 | G21: =$E21*F21 -> 0
B23: =B21+0.01 -> 1.07 | C23: Electrical Connection Fee | D23: Prov Sum | E23: 1 | F23: 500000 | G23: =$E23*F23 -> 500000
B25: =B23+0.01 -> 1.08 | C25: Handling Cost and profit in respect of Item 1.07 | D25: % | G25: =G23*E25 -> 0
B27: =B25+0.01 -> 1.09 | C27: OHS Services | D27: Month | E27: =E15 -> 8 | G27: =$E27*F27 -> 0
B29: =B27+0.01 -> 1.1 | C29: Environmetal Management Plan | D29: Month | E29: =E27 -> 8 | G29: =$E29*F29 -> 0
B31: =B29+0.01 -> 1.11 | C31: Preliminary and General | D31: Month | E31: 8 | G31: =F31*$E31 -> 0
B33: =B31+0.01 -> 1.12 | C33: Insurance of the works | D33: L/Sum | E33: 1 | G33: =F33*$E33 -> 0
B35: =B33+0.01 -> 1.13 | C35: 3rd Party Insurance | D35: L/Sum | E35: 1 | G35: =F35*$E35 -> 0
B37: =B35+0.01 -> 1.14 | C37: Traffic signals | D37: Prov Sum | E37: 4 | F37: 1000000 | G37: =F37*E37 -> 4000000
B39: 1.15 | C39: Handling Cost and profit in respect of Item 1.14 | D39: % | G39: =G37*E39 -> 0
B81: =B9 -> F.1 | C81: TOTAL CARRIED FORWARD TO SUMMARY | G81: =SUM(G6:G80) -> 4500000
B83: =$B$1 -> 0
B84: =B2 -> THE UPGRADING OF NATIONAL ROAD R33 SECTION 13 IN VAALWATER TOWN (KM 60.8 TO KM 63.0): ROAD LIGHTING COST ESTIMATE
B86: =B4 -> PRICING SCHEDULE F:
B87: ITEM | C87: DESCRIPTION | D87: UNIT | E87: QTY | F87: RATE | G87: AMOUNT
C89: SECTION F.2
B91: F.2 | C91: RETICULATION SYSTEM
B93: 2.01 | C93: 60A 400V Secure 5 way LV Kiosk | D93: No | E93: 3 | G93: =E93*F93 -> 0
B95: =B93+0.01 -> 2.02 | C95: Supply of Item 2.01 (Spare for maintenance) | D95: No | E95: 1 | G95: =E95*F95 -> 0
B97: =B95+0.01 -> 2.03 | C97: 60A 400V Secure 3 way LV Kiosk | D97: No | E97: 4 | G97: =E97*F97 -> 0
B99: =B97+0.01 -> 2.04 | C99: Supply of Item 2.02 (Spare for maintenance) | D99: No | E99: 1 | G99: =E99*G97 -> 0
B101: =B99+0.01 -> 2.05 | C101: Provision of raised Kiosk platforms and lockable Security Cage | D101: No | E101: 7 | G101: =E101*F101 -> 0
B103: =B101+0.01 -> 2.06 | C103: 25 mm² Al 4-core PVC SWA PVC LV cable | D103: m | E103: 7000 | G103: =E103*F103 -> 0
B105: =B103+0.01 -> 2.07 | C105: 25 mm² Al 4-core PVC SWA PVC LV cable termination | D105: No | E105: 24 | G105: =E105*F105 -> 0
B107: =B105+0.01 -> 2.08 | C107: 35 mm² Al 4-core PVC SWA PVC LV cable | D107: m | E107: 3800 | G107: =E107*F107 -> 0
B109: =B107+0.01 -> 2.09 | C109: 35 mm² Al 4-core PVC SWA PVC LV cable termination | D109: No | E109: 16 | G109: =E109*F109 -> 0
B111: =B109+0.01 -> 2.1 | C111: 16mm² BCEW | D111: m | E111: =E103 -> 7000 | G111: =E111*F111 -> 0
B113: =B111+0.01 -> 2.11 | C113: Cable warning tape | D113: m | E113: =E103 -> 7000 | G113: =E113*F113 -> 0
B165: =B91 -> F.2 | C165: TOTAL CARRIED FORWARD TO SUMMARY | G165: =SUM(G88:G164) -> 0
B168: =$B$2 -> THE UPGRADING OF NATIONAL ROAD R33 SECTION 13 IN VAALWATER TOWN (KM 60.8 TO KM 63.0): ROAD LIGHTING COST ESTIMATE
B170: =B86 -> PRICING SCHEDULE F:
B171: ITEM | C171: DESCRIPTION | D171: UNIT | E171: QTY | F171: RATE | G171: AMOUNT
C173: SECTION F.3
B175: F.3 | C175: TRENCHING AND EARTH WORKS
C176: Trenching (450mm width by 1800 - 2000mm depth MV Cables)
C177: Trenching (450mm width by 1500 - 1800mm depth LV Cables)
B179: 3.01 | C179: Hand pickable soil (soft soil) | D179: m³ | E179: 2320 | G179: =E179*F179 -> 0
B181: =B179+0.01 -> 3.02 | C181: Machine excavation (soft rock) | D181: m³ | E181: 2405 | G181: =E181*F181 -> 0
B183: =B181+0.01 -> 3.03 | C183: Back-filling and compaction | D183: m³ | E183: =E181+E179 -> 4725 | G183: =E183*F183 -> 0
B185: =B183+0.01 -> 3.04 | C185: Sifting of local soil for bedding of the cables | D185: m³ | E185: =E103*0.45*(0.2+0.2) -> 1260 | G185: =E185*F185 -> 0
B187: =B185+0.01 -> 3.05 | C187: Import soil for bedding of cables | D187: m³ | E187: 400 | G187: =E187*F187 -> 0
B189: =B187+0.01 -> 3.06 | C189: In-situ 25MPa Concrete Slab | D189: m³ | E189: =E103*0.45*0.35 -> 1102.5 | G189: =E189*F189 -> 0
B250: =B175 -> F.3 | C250: TOTAL CARRIED FORWARD TO SUMMARY | G250: =SUM(G172:G249) -> 0
B251: =$B$2 -> THE UPGRADING OF NATIONAL ROAD R33 SECTION 13 IN VAALWATER TOWN (KM 60.8 TO KM 63.0): ROAD LIGHTING COST ESTIMATE
B253: =B170 -> PRICING SCHEDULE F:
B254: ITEM | C254: DESCRIPTION | D254: UNIT | E254: QTY | F254: RATE | G254: AMOUNT
C256: SECTION F.4
B258: F.4 | C258: LUMINAIRES
B260: 4.01 | C260: Type L1: | D260: No | E260: 342 | G260: =F260*E260 -> 0
B262: =B260+0.01 -> 4.02 | C262: Supply of Item 4.01 only (Spare for maintenance) | D262: % | E262: 0.1 | G262: =E262*F262 -> 0
B264: =B262+0.01 -> 4.03 | C264: Testing of Luminaires | D264: No | E264: 342 | G264: =F264*E264 -> 0
B266: =B264+0.01 -> 4.04 | C266: Telemanagement System (based on item 4.01) | D266: P/SUM | E266: 1 | F266: 2500000 | G266: =F266*$E266 -> 2500000
C329: Note:
C330: All luminaires & Lamps are to adhere to Coastal Environment standards & contract specifications, IP Ratings Intact
B332: =B258 -> F.4 | C332: TOTAL CARRIED FORWARD TO SUMMARY | G332: =SUM(G255:G331) -> 2500000
B334: =$B$1 -> 0
B335: =$B$2 -> THE UPGRADING OF NATIONAL ROAD R33 SECTION 13 IN VAALWATER TOWN (KM 60.8 TO KM 63.0): ROAD LIGHTING COST ESTIMATE
B337: =B253 -> PRICING SCHEDULE F:
B338: ITEM | C338: DESCRIPTION | D338: UNIT | E338: QTY | F338: RATE | G338: AMOUNT
C340: SECTION F.5
B342: F.5 | C342: POLES AND MASTS
B344: 5.01 | C344: Supply and install 10m mid hinged pole (with all accessories, earth spikes and concrete foundation) | D344: No | E344: 186 | G344: =E344*F344 -> 0
B346: =B344+0.01 -> 5.02 | C346: Supply and install 15m mid hinged mast with all accessories - 6 luminares (with all accessories, earth spikes and concrete foundation) | D346: No | E346: 1 | G346: =E346*F346 -> 0
B348: =B346+0.01 -> 5.03 | C348: Supply and install 15m mid hinged mast with all accessories - 4 luminares (with all accessories, earth spikes and concrete foundation) | D348: No | E348: 1 | G348: =E348*F348 -> 0
B350: =B348+0.01 -> 5.04 | C350: Removal of Existing Light Poles (31 poles) | D350: L/SUM | E350: 31 | G350: =E350*F350 -> 0
B352: 5.05 | C352: Supply of Item 5.01 only (Spare for maintenance) | D352: % | E352: 0.1 | G352: =E352*F352 -> 0
C408: NOTE:
C409: Trenching & Back-fill of Pits for planting the poles and mast foundations are included in the rates. All Spigots, Poles and Masts will adhere to coastal specifications
B411: =B342 -> F.5 | C411: TOTAL CARRIED FORWARD TO SUMMARY | G411: =SUM(G339:G410) -> 0
B413: =$B$1 -> 0
B415: =$B$2 -> THE UPGRADING OF NATIONAL ROAD R33 SECTION 13 IN VAALWATER TOWN (KM 60.8 TO KM 63.0): ROAD LIGHTING COST ESTIMATE
B417: =B337 -> PRICING SCHEDULE F:
B418: ITEM | C418: DESCRIPTION | D418: UNIT | E418: QTY | F418: RATE | G418: AMOUNT
C420: SECTION F.6
B422: F.6 | C422: EARTHING
B424: 6.01 | C424: Complete Earthing of Supply Point, Kiosks and Switches | D424: No | E424: 7 | G424: =E424*F424 -> 0
B426: =B424+0.01 -> 6.02 | C426: Supply and lay additional 70mm2 earth continuity conductor | D426: m | E426: 80 | G426: =E426*F426 -> 0
B428: =B426+0.01 -> 6.03 | C428: Complete Terminatiion of additional continuity conductors | D428: No | E428: 1 | G428: =E428*F428 -> 0
B430: =B428+0.01 -> 6.04 | C430: Extra over for the supply and installation of additional 1.5m earth spikes incl. cadweld connections of earth conductors | D430: No | E430: 20 | G430: =E430*F430 -> 0
B432: =B430+0.01 -> 6.05 | C432: Earth resistivity tests | D432: No | E432: 7 | G432: =E432*F432 -> 0
B434: =B432+0.01 -> 6.06 | C434: Earth tests | D434: No | E434: 7 | G434: =E434*F434 -> 0
B494: =B422 -> F.6 | C494: TOTAL CARRIED FORWARD TO SUMMARY | G494: =SUM(G423:G493) -> 0
B496: =$B$1 -> 0
B497: =$B$2 -> THE UPGRADING OF NATIONAL ROAD R33 SECTION 13 IN VAALWATER TOWN (KM 60.8 TO KM 63.0): ROAD LIGHTING COST ESTIMATE
B498: =B496 -> 0
B499: =$B$2 -> THE UPGRADING OF NATIONAL ROAD R33 SECTION 13 IN VAALWATER TOWN (KM 60.8 TO KM 63.0): ROAD LIGHTING COST ESTIMATE
B502: TENDER SUMMARY
B503: ITEM | C503: DESCRIPTION | G503: AMOUNT
B505: F1 | C505: =C9 -> GENERAL ITEMS: ELECTRICAL | G505: =G81 -> 4500000
B507: F2 | C507: =C91 -> RETICULATION SYSTEM | G507: =G165 -> 0
...

Sheet Summary of Pricing
A1: C2.3 SUMMARY OF PRICING SCHEDULE
A3: CONTRACT SANRAL R.033-130-2019/3
A4: FOR THE UPGRADING OF NATIONAL ROAD R33 SECTION 13 IN VAALWATER TOWN (KM 60.8 TO KM 63.0)
A6: GENERAL
A7: C1.2 | B7: GENERAL REQUIREMENTS AND PROVISIONS | C7: ='C1.2'!H143 -> 1310000
A8: C1.3 | B8: CONTRACTOR’S SITE ESTABLISHMENT AND GENERAL OBLIGATIONS | C8: ='C1.3'!H79 -> 1000000
A9: C1.4 | B9: FACILITIES FOR THE ENGINEER | C9: ='C1.4'!G147 -> 990000
A10: C1.5 | B10: ACCOMMODATION OF TRAFFIC | C10: ='C1.5'!I123 -> 350000
A11: C1.6 | B11: CLEARING AND GRUBBING | C11: ='C1.6'!G72 -> 0 | D11: =SUM(C7:C11) -> 3650000
A13: SERVICES
A14: C2.1 | B14: GENERAL REQUIREMENTS AND TRENCHING FOR SERVICES | C14: ='C2.1'!H74 -> 4600000
A15: C2.2 | B15: DRY SERVICES | C15: ='C2.2'!H67 -> 0 | D15: =C14+C15 -> 4600000
A17: DRAINAGE
A18: C3.1 | B18: DRAINS | C18: ='C3.1'!H199 -> 30000
A19: C3.2 | B19: CULVERTS | C19: ='C3.2'!H141 -> 0
A20: C3.3 | B20: CONCRETE KERBING AND CHANNELING, ASPHALT BERMS, CHUTES, DOWNPIPES, AS WELL AS CONCRETE, STONE PITCHED AND GABION LININGS FOR OPEN DRAINS | C20: ='C3.3'!H82 -> 0 | D20: =SUM(C18:C20) -> 30000
A22: EARTHWORKS AND PAVEMENT LAYERS MATERIALS
A23: C4.2 | B23: CUT MATERIALS | C23: ='C4.2'!H70 -> 0
A24: C4.4 | B24: COMMERCIAL MATERIALS | C24: ='C4.4'!H78 -> 0 | D24: =SUM(C23:C25) -> 0
A26: EARTHWORKS AND PAVEMENT LAYERS CONSTRUCTION
A27: C5.1 | B27: ROADBED | C27: ='C5.1'!I72 -> 0
A28: C5.2 | B28: FILL | C28: ='C5.2'!H73 -> 0
A29: C5.3 | B29: ROAD PAVEMENT LAYERS | C29: ='C5.3'!H65 -> 184500
A30: C5.4 | B30: STABILISATION | C30: ='C5.4'!H76 -> 0 | D30: =SUM(C27:C31) -> 184500
A32: CONCRETE LAYERS
A33: C6.2 | B33: SEGMENTAL BLOCK PAVING LAYERS | C33: ='C6.2'!G70 -> 0 | D33: =SUM(C33:C33) -> 0
A35: PRETREATMENT AND REPAIR EXISTING LAYERS
A36: C8.1 | B36: PRIME COAT | C36: ='C8.1'!G77 -> 0
A37: C8.8 | B37: PATCHING AND EDGE BREAK REPAIR | C37: ='C8.8'!H70 -> 0 | D37: =SUM(C36:C37) -> 0
A39: ASPHALT LAYERS
A40: C9.1 | B40: ASPHALT LAYERS | C40: ='C9.1'!H147 -> 0 | D40: =SUM(C40) -> 0
A42: ANCILLIARY ROAD WORKS
A43: C11.1 | B43: PITCHING, STONEWORK, CAST IN SITU CONCRETE FOR PROTECTION AGAINST EROSION | C43: ='C11.1'!H79 -> 0
A44: C11.2 | B44: NON-STRUCTURAL GABIONS | C44: ='C11.2'!H74 -> 0
A45: C11.3 | B45: GUIDE BLOCKS AND KILOMETRE MARKERS | C45: ='C11.3'!F80 -> 0
A46: C11.5 | B46: FENCING | C46: ='C11.5'!I90 -> 0
A47: C11.6 | B47: ROAD SIGNS | C47: ='C11.6'!H143 -> 6000000
A48: C11.7 | B48: ROAD MARKINGS AND ROAD STUDS | C48: ='C11.7'!G75 -> 50000
A49: C11.8 | B49: LANDSCAPING AND PLANTING PLANTS | C49: ='C11.8'!H71 -> 50000
A50: C11.9 | B50: FINISHING THE ROAD AND ROAD RESERVE AND TREATING OLD ROADS | C50: ='C11.9'!G83 -> 0 | D50: =SUM(C43:C50) -> 6100000
A52: QUALITY ASSURANCE
A53: C20.1 | B53: TESTING MATERIALS AND JUDGEMENT OF WORKMANSHIP
C54: ='C20.1'!I78 -> 5250000 | D54: =SUM(C54) -> 5250000
A55: SECTION D: STAKEHOLDER AND COMMUNITY LIAISON, AND TARGET LABOUR AND TARGETED ENTERPRISES UTILISATION AND DEVELOPMENT
A56: D1010 | B56: TRAINING, COACHING, GUIDANCE, MENTORING AND ASSISTANCE | C56: ='Sect D - D1000'!H208 -> 4070000 | D56: =SUM(C56) -> 4070000
A58: SECTION F : ELECTRICAL
A59: F,1 | B59: GENERAL ITEMS: ELECTRICAL | C59: ='Sec F- Electrical'!G505 -> 4500000
A60: F,2 | B60: RETICULATION SYSTEM | C60: ='Sec F- Electrical'!G507 -> 0
A61: F,3 | B61: TRENCHING AND EARTH WORKS | C61: ='Sec F- Electrical'!G509 -> 0
A62: F,4 | B62: LUMINAIRES | C62: ='Sec F- Electrical'!G511 -> 2500000
A63: F,5 | B63: POLES AND MASTS | C63: ='Sec F- Electrical'!G513 -> 0
A64: F,6 | B64: EARTHING | C64: ='Sec F- Electrical'!G515 -> 0 | D64: =SUM(C59:C64) -> 7000000
B66: SUBTOTAL A | C66: =SUM(D11,D15,D20,D24,D30,D33,D37,D40,D50,D54,D56+D64) -> 30884500
B68: CONTRACT SKILLS DEVELOPMENT GOAL:
B69: 0.25% of Subtotal A | C69: =0.25/100*C66 -> 77211.25
B71: SUBTOTAL B | C71: =C66+C69 -> 30961711
B73: VALUE ADDED TAX:
B74: 15% of Subtotal | C74: =C71*0.15 -> 4644256.7
B76: TOTAL CARRIED TO C.1.1.1 : FORM OF OFFER | C76: =C71+C74 -> 35605968
B80: SIGNED BY TENDERER:
